 Dungeon Crawl Stone Soup version 0.31.0-2-g5a2aebc5c2 (webtiles) character file.

Game seed: 13142092079976101409

18121838 Charly the Archmage (level 27, 263/266 HPs)
             Began as a Demonspawn Alchemist on Jan 21, 2024.
             Was the Champion of Vehumet.
             Escaped with the Orb
             ... and 15 runes
             ... and 9 gems!
             The game lasted 06:29:17 (91279 turns).

Charly the Archmage (Demonspawn Alchemist)         Turns: 91279, Time: 06:29:18

Health: 263/266    AC: 10    Str: 14    XL:     27
Magic:  50/63      EV: 35    Int: 35    God:    Vehumet [******]
Gold:   12679      SH: 20    Dex: 19    Spells: 3/80 levels left

rFire   + + .        a - staff of Somewhere Else {rF+ rC+ rCorr Str-4 Conj Ice}
rCold   + . .        s - +3 warlock's mirror {omnireflect}
rNeg    + + +        l - +1 robe of Vines {NoPotionHeal Regen++++}
rPois   +            (helmet unavailable)
rElec   +            B - +0 cloak of Muttered Phrases {+Blink Fly rN++}
rCorr   +            F - +0 pair of gloves "Gouphy" {rElec Str+4 Int+3}
SInv    .            A - +2 pair of slick slippers {slick, slippery, EV+4}
Will    +++..        D - amulet of Cheibriados, Freezing {Reflect Harm rElec rF- rCorr SH+5}
Stlth   ++++         p - ring "Esocas" {rPois rF+ MP+9 Str-2 Dex+6}
HPRegen 3.84/turn    V - ring of Duogho Obana {Wiz *Slow rN+ Will+ Int+9}
MPRegen 0.76/turn

%: slow self (1%), harm (+30% outgoing, +20% incoming), reflection, guardian
spirit, wizardry (x1)
@: flying, studying 7 skills
A: horns 3, rugged brown scales 3, foul stench 3, augmentation 3, magic shield,
magic regeneration, magic link, dopey 1, fire resistance 1, poison resistance,
strong 1
0: Orb of Zot
}: 15/15 runes: decaying, serpentine, slimy, silver, golden, iron, obsidian,
icy, bone, abyssal, demonic, glowing, magical, fiery, dark
a: Renounce Religion, Evoke Blink


You escaped.
You worshipped Vehumet.
Vehumet was exalted by your worship.
You visited 18 branches of the dungeon, and saw 88 of its levels.
You visited Pandemonium 2 times, and saw 25 of its levels.
You visited the Abyss 1 time.
You visited 1 bazaar.
You completed 2 ziggurats, and saw 54 of their levels.
You also visited: Trove, Sewer, Ossuary and Gauntlet.

You collected 21532 gold pieces.
You spent 8853 gold pieces at shops.

Inventory:

Missiles
 y - 11 throwing nets
Armour
 l - the +1 robe of Vines (worn) {NoPotionHeal Regen++++}
   (You found it on level 24 of a ziggurat)

   NoPotionHeal: Its wearer cannot be healed by potions.
   Regen++++: It increases your rate of health regeneration.
 s - the +3 warlock's mirror (worn) {omnireflect}
   (You found it in a treasure trove)

   Omnireflect: It can block and reflect piercing ranged attacks and magical
   attacks against the wielder's willpower.
 A - the +2 pair of slick slippers (worn) {slick, slippery, EV+4}
   (You found it on level 21 of a ziggurat)

   Slick:     Its wearer cannot be constricted, engulfed, netted or webbed.
   Slippery:  Its wearer slips away from damaging melee attacks, pulling the
   attacker onward.
   EV+4:      It affects your evasion (+4).
 B - the +0 cloak of Muttered Phrases (worn) {+Blink Fly rN++}
   (You found it on level 7 of Gehenna)

   rN++:      It greatly protects you from negative energy.
   Fly:       It grants you flight.
   +Blink:    It lets you blink.
 F - the +0 pair of gloves "Gouphy" (worn) {rElec Str+4 Int+3}
   (You found it on level 12 of a ziggurat)

   Str+4:     It affects your strength (+4).
   Int+3:     It affects your intelligence (+3).
   rElec:     It insulates you from electricity.
Magical Staves
 a - the staff of Somewhere Else (weapon) {rF+ rC+ rCorr Str-4 Conj Ice}
   (You found it on level 11 of a ziggurat)

   [staff of cold]

   Base accuracy: +5 Base damage: 5 Base attack delay: 1.2 This weapon's minimum
   attack delay (0.6) is reached at skill level 12.
   Str-4:     It affects your strength (-4).
   rF+:       It protects you from fire.
   rC+:       It protects you from cold.
   rCorr:     It protects you from acid and corrosion.
   Conj:      It increases the power of your Conjurations spells.
   Ice:       It increases the power of your Ice spells.
   It falls into the 'Staves' category.
   It is a one-handed weapon.
 b - the staff of the Eleven Wonders {rElec Will+ rCorr Summ Air Earth}
   (You found it on level 26 of a ziggurat)

   [staff of air]

   Base accuracy: +5 Base damage: 5 Base attack delay: 1.2 This weapon's minimum
   attack delay (0.6) is reached at skill level 12.
   rElec:     It insulates you from electricity.
   Will+:     It increases your willpower.
   rCorr:     It protects you from acid and corrosion.
   Summ:      It increases the power of your Summonings spells.
   Air:       It increases the power of your Air spells.
   Earth:     It increases the power of your Earth spells.
   It falls into the 'Staves' category.
   It is a one-handed weapon.
 L - the staff of Wyrd {rPois rC+ Will+++ MP+9 Dex-5 Ice}
   (You found it on level 5 of the Pits of Slime)

   [staff of cold]

   Base accuracy: +5 Base damage: 5 Base attack delay: 1.2 This weapon's minimum
   attack delay (0.6) is reached at skill level 12.
   Dex-5:     It affects your dexterity (-5).
   rC+:       It protects you from cold.
   rPois:     It protects you from poison Will+++: It greatly increases your
   willpower.
   MP+9:      It affects your magic capacity (+9).
   Ice:       It increases the power of your Ice spells.
   It falls into the 'Staves' category.
   It is a one-handed weapon.
Jewellery
 p - the ring "Esocas" (left hand) {rPois rF+ MP+9 Str-2 Dex+6}
   (You acquired it on level 6 of the Dungeon)

   [ring of dexterity]

   Str-2:     It affects your strength (-2).
   Dex+6:     It affects your dexterity (+6).
   rF+:       It protects you from fire.
   rPois:     It protects you from poison MP+9: It affects your magic capacity
   (+9).
 D - the amulet of Cheibriados, Freezing (around neck) {Reflect Harm rElec rF- rCorr SH+5}
   (You bought it in a shop on level 1 of the Orcish Mines)

   [amulet of reflection]

   Reflect:   It reflects blocked missile attacks.
   rF-:       It makes you vulnerable to fire.
   rElec:     It insulates you from electricity.
   rCorr:     It protects you from acid and corrosion.
   SH+5:      It affects your SH (+5).
   Harm:      It increases damage dealt and taken.
 S - the amulet of the Four Winds {rN+ Will+++ Clar}
   (You found it on level 24 of a ziggurat)

   [amulet of nothing]

   rN+:       It protects you from negative energy.
   Will+++:   It greatly increases your willpower.
   Clar:      It protects you from confusion, rage, mesmerisation and fear.
 V - the ring of Duogho Obana (right hand) {Wiz *Slow rN+ Will+ Int+9}
   (You bought it in a shop on level 1 of the Orcish Mines)

   [ring of wizardry]

   Wiz:       It improves your spell success rate.
   Int+9:     It affects your intelligence (+9).
   rN+:       It protects you from negative energy.
   Will+:     It increases your willpower.
   *Slow:     It may slow you when you take damage.
 Z - the ring of Wecetek {rF+ rC+ rCorr MP+9 Str+2}
   (You found it on level 5 of the Pits of Slime)

   [ring of resist corrosion]

   Str+2:     It affects your strength (+2).
   rF+:       It protects you from fire.
   rC+:       It protects you from cold.
   MP+9:      It affects your magic capacity (+9).
   rCorr:     It protects you from acid and corrosion.
Wands
 u - a wand of light (101)
 z - a wand of iceblast (163)
 E - a wand of charming (169)
 I - a wand of digging (104)
 N - a wand of mindburst (134)
Scrolls
 e - 9 scrolls of amnesia
 f - 3 scrolls of butterflies
 g - 9 scrolls of silence
 i - 11 scrolls of fear
 k - 65 scrolls of teleportation
 o - 16 scrolls of poison
 t - 18 scrolls of blinking
 x - 16 scrolls of immolation
 M - 22 scrolls of fog
 P - 21 scrolls of enchant armour
 Q - 15 scrolls of vulnerability
 X - 14 scrolls of revelation
Potions
 c - 5 potions of brilliance
 d - 32 potions of curing
 h - 46 potions of mutation
 j - 23 potions of cancellation
 r - 14 potions of attraction
 v - 13 potions of might
 w - 2 potions of magic
 C - 11 potions of haste
 G - 15 potions of heal wounds
 H - 6 potions of resistance
 J - 7 potions of lignification
 T - 16 potions of enlightenment
 U - 7 potions of invisibility
 Y - 4 potions of ambrosia
Miscellaneous
 m - 2 +2 figurines of a ziggurat
 n - a sack of spiders
 q - a phantom mirror
 K - a phial of floods
 O - the horn of Geryon
 R - a tin of tremorstones (2/2)
 W - a lightning rod (4/4)


   Skills:
 O Level 27 Fighting
 - Level 4.0 Staves
 - Level 5.0 Armour
 O Level 27 Dodging
 O Level 27 Stealth
 O Level 27 Shields
 O Level 27 Spellcasting
 O Level 27 Conjurations
 + Level 26.5 Necromancy
 - Level 8.0 Translocations
 + Level 24.6 Fire Magic
 + Level 17.7 Air Magic
 + Level 22.7 Earth Magic
 - Level 13.0 Alchemy
 O Level 27 Evocations


You had 3 spell levels left.
You knew the following spells:

 Your Spells              Type           Power      Damage    Failure   Level
b - Blink                 Tloc           100%       N/A       1%          2
c - Fire Storm            Conj/Fire      100%       8d25      1%          9
d - Dispersal             Tloc           61%        N/A       1%          6
e - Apportation           Tloc           100%       N/A       0%          1
i - Ignition              Fire           85%        3d22      1%          8
q - Swiftness             Air            100%       N/A       0%          3
z - Irradiate             Conj/Alch      93%        3d42      0%          5
C - Chain Lightning       Conj/Air       96%        3d128     1%          9
D - Death's Door          Necr           87%        N/A       1%          9
R - Borgnjor's Revivific  Necr           87%        N/A       1%          8
S - Shatter               Erth           83%        3d60*     1%          9
Z - Maxwell's Capacitive  Air            77%        ∞         1%          8

Your spell library contained the following spells:

 Spells                   Type           Power      Damage    Failure   Level
 Foxfire                  Conj/Fire      100%       2x1d9     0%          1
 Kiss of Death            Conj/Necr      100%       2d13      0%          1
 Magic Dart               Conj           100%       1d8       0%          1
 Necrotise                Necr           100%       1d9       0%          1
 Sandblast                Erth           100%       2d20      0%          1
 Shock                    Conj/Air       100%       1d9       0%          1
 Sting                    Conj/Alch      100%       1d9       0%          1
 Cigotuvi's Dreadful Rot  Necr/Alch/Air  100%       N/A       0%          2
 Mercury Vapours          Alch/Air       100%       N/A       0%          2
 Momentum Strike          Conj/Tloc      100%       3d10      0%          2
 Scorch                   Fire           100%       2d9       0%          2
 Searing Ray              Conj           100%       2d8       0%          2
 Static Discharge         Conj/Air       100%       3-8/arc   0%          2
 Sublimation of Blood     Necr           100%       N/A       0%          2
 Dazzling Flash           Conj/Hex       100%       N/A       0%          3
 Fugue of the Fallen      Necr           100%       N/A       0%          3
 Hailstorm                Conj/Ice       100%       3d16      0%          3
 Inner Flame              Hex/Fire       100%       N/A       0%          3
 Mephitic Cloud           Conj/Alch/Air  100%       N/A       0%          3
 Passwall                 Erth           100%       N/A       0%          3
 Stone Arrow              Conj/Erth      100%       3d13      0%          3
 Vampiric Draining        Necr           100%       2d13      0%          3
 Volatile Blastmotes      Fire/Tloc      100%       2d18      0%          3
 Freeze                   Ice            100%       1d10      1%          1
 Slow                     Hex            100%       N/A       1%          1
 Summon Small Mammal      Summ           100%       N/A       1%          1
 Call Imp                 Summ           100%       N/A       1%          2
 Ensorcelled Hibernation  Hex/Ice        100%       N/A       1%          2
 Jinxbite                 Hex            100%       N/A       1%          2
 Lesser Beckoning         Tloc           100%       N/A       1%          2
 Call Canine Familiar     Summ           81%        N/A       1%          3
 Confusing Touch          Hex            81%        N/A       1%          3
 Frozen Ramparts          Ice            100%       1d16      1%          3
 Gell's Gravitas          Tloc           100%       N/A       1%          3
 Ozocubu's Armour         Ice            100%       N/A       1%          3
 Sigil of Binding         Hex            81%        N/A       1%          3
 Summon Ice Beast         Ice/Summ       100%       N/A       1%          3
 Teleport Other           Tloc           100%       N/A       1%          3
 Tukima's Dance           Hex            81%        N/A       1%          3
 Airstrike                Air            77%        2d(11-27) 0%          4
 Anguish                  Hex/Necr       71%        N/A       0%          4
 Animate Dead             Necr           100%       N/A       0%          4
 Brom's Barrelling Bould  Conj/Erth      100%       2d11      0%          4
 Dispel Undead            Necr           100%       3d31      0%          4
 Flame Wave               Conj/Fire      100%       2d21      0%          4
 Fulminant Prism          Conj/Alch      93%        3d37      0%          4
 Ignite Poison            Fire/Alch      100%       N/A       0%          4
 Iskenderun's Mystic Bla  Conj/Tloc      100%       2d19      0%          4
 Leda's Liquefaction      Alch/Erth      77%        N/A       0%          4
 Martyr's Knell           Necr/Summ      100%       N/A       0%          4
 Olgreb's Toxic Radiance  Alch           100%       N/A       0%          4
 Petrify                  Alch/Erth      100%       N/A       0%          4
 Sticky Flame             Fire/Alch      100%       2d15      0%          4
 Vhi's Electric Charge    Tloc/Air       100%       N/A       0%          4
 Arcjolt                  Conj/Air       96%        1d106     0%          5
 Borgnjor's Vile Clutch   Necr/Erth      85%        N/A       0%          5
 Curse of Agony           Necr           100%       N/A       0%          5
 Fireball                 Conj/Fire      100%       3d36      0%          5
 Freezing Cloud           Conj/Ice/Air   100%       6-21      0%          5
 Iskenderun's Battlesphe  Conj           100%       2d15      0%          5
 Lee's Rapid Deconstruct  Erth           83%        3d37*     0%          5
 Bombard                  Conj/Erth      99%        9d16      0%          6
 Conjure Ball Lightning   Conj/Air       96%        3x3d37    0%          6
 Death Channel            Necr           87%        N/A       0%          6
 Plasma Beam              Fire/Air       81%        2x1d99    0%          6
 Starburst                Conj/Fire      100%       6d25      0%          6
 Orb of Destruction       Conj           100%       9d21      0%          7
 Animate Armour           Summ/Erth      100%       N/A       1%          4
 Cause Fear               Hex            40%        N/A       1%          4
 Dimensional Bullseye     Hex/Tloc       52%        N/A       1%          4
 Manifold Assault         Tloc           100%       N/A       1%          4
 Passage of Golubria      Tloc           100%       N/A       1%          4
 Summon Blazeheart Golem  Fire/Summ      100%       N/A       1%          4
 Summon Lightning Spire   Summ/Air       100%       N/A       1%          4
 Alistair's Intoxication  Alch           94%        N/A       1%          5
 Silence                  Hex/Air        63%        N/A       1%          5
 Summon Forest            Summ/Tloc      52%        N/A       1%          5
 Yara's Violent Unravell  Hex/Alch       58%        3d22      1%          5
 Eringya's Noxious Bog    Alch           70%        4d6       1%          6
 Sculpt Simulacrum        Ice/Alch       70%        N/A       1%          6
 Haunt                    Necr/Summ      71%        N/A       1%          7
 Spellforged Servitor     Conj/Summ      84%        N/A       1%          7
 Infestation              Necr           87%        N/A       1%          8
 Lehudib's Crystal Spear  Conj/Erth      99%        10d22     1%          8
 Metabolic Englaciation   Hex/Ice        51%        N/A       4%          5
 Summon Mana Viper        Hex/Summ       81%        N/A       4%          5
 Summon Cactus Giant      Summ           40%        N/A       26%         6
 Malign Gateway           Summ/Tloc      52%        N/A       26%         7
 Ozocubu's Refrigeration  Ice            51%        4d18      32%         7
 Disjunction              Tloc           61%        N/A       38%         8
 Enfeeble                 Hex            40%        N/A       78%         7
 Monstrous Menagerie      Summ           40%        N/A       78%         7
 Summon Hydra             Summ           40%        N/A       78%         7
 Polar Vortex             Ice            51%        12d6*     99%         9
 Discord                  Hex            40%        N/A       100%        8
 Summon Horrible Things   Summ           40%        N/A       100%        8
 Dragon's Call            Summ           40%        N/A       100%        9


Dungeon Overview and Level Annotations

Branches:
Dungeon (15/15)            Temple (1/1) D:4            Lair (5/5) D:8
  Swamp (4/4) Lair:2        Snake (4/4) Lair:3        Slime (5/5) Lair:4
    Orc (2/2) D:9             Elf (3/3) Orc:2        Vaults (5/5) D:14
  Crypt (3/3) Vaults:2       Tomb (3/3) Crypt:3      Depths (4/4) D:15
   Hell (visited)             Dis (7/7) Hell            Geh (7/7) Hell
    Coc (7/7) Hell            Tar (7/7) Hell            Zot (5/5) Depths:4
  Sewer (visited)         Ossuary (visited)         Gauntlet (visited)

Altars:
Ashenzari
Cheibriados
Dithmenos
Fedhas
Gozag
Hepliaklqana
Kikubaaqudgha
Makhleb
Nemelex Xobeh
Okawaru
Qazlal
Ru
Sif Muna
Trog
Uskayaw
Vehumet
Wu Jian
Xom
Yredelemnul
Jiyva

Shops:
D:6 *   D:11 (   Orc:1 =   Orc:2 :(!*   Elf:2 (   Snake:3 ::=   Vaults:1 !
Vaults:2 (   Vaults:5 =   Depths:4 [*

Portals:
Hell: Depths:1 Depths:2 Depths:3 Depths:4
Abyss: Depths:1 Depths:3
Pandemonium: Depths:2

Annotations:
Swamp:1 1 runed translucent door, Silenth's ghost, adept KoHu
Orc:1 3 runed translucent doors, vbillard's ghost, journeyman DECj


Innate Abilities, Weirdness & Mutations

You have a pair of large horns on your head.
You are completely covered in rugged brown scales. (AC +3, +7% HP)
You frequently emit foul miasma when damaged in melee.
Your magical and physical power is greatly enhanced at high health.
When hurt, damage is shared between your health and your magic reserves.
You regenerate magic rapidly.
When low on magic, you restore magic in place of health.
You are dopey. (Int -2)
Your flesh is heat resistant. (rF+)
Your system is resistant to poisons. (rPois)
Your muscles are strong. (Str +4, Int/Dex -1)


Message History

You see here a +0 club.
There is a faded altar of an unknown god here.
There is a stone staircase leading up here.
You fly upwards.
There is a stone staircase leading down here.
There is a stone staircase leading up here.
You fly upwards.
There is a stone staircase leading down here.
You see here 5 stones.
A Hell Sentinel comes into view.
Casting: Shatter (mildly dangerous; 1% risk of failure)
Press: ? - help, Q - select action, (/) - cycle Dir - look around, f - activate This square is covered in magical glow.
The dungeon rumbles!
The Hell Sentinel is moderately wounded.
Ka-crash!
Casting: Shatter (mildly dangerous; 1% risk of failure)
Press: ? - help, Q - select action, (/) - cycle Dir - look around, f - activate This square is covered in magical glow.
The dungeon rumbles!
The Hell Sentinel is severely wounded.
Ka-crash!
The Hell Sentinel gestures at you.
The sphere of damnation explodes!
The damnation engulfs you!!!
Casting: Shatter (mildly dangerous; 1% risk of failure)
Press: ? - help, Q - select action, (/) - cycle Dir - look around, f - activate This square is covered in magical glow.
The dungeon rumbles!
You kill the Hell Sentinel!
Vehumet accepts your kill.
You feel your power returning.
Ka-crash!
Casting: Shatter (mildly dangerous; 1% risk of failure)
Press: ? - help, Q - select action, (/) - cycle Dir - look around, f - activate This square is covered in magical glow.
The dungeon rumbles!
Ka-crash!
You reach down and open the door.
There is an open door here.
There is a staircase leading out of the dungeon here.
You have escaped!

...#.#.#...........[.###
#...#..................##
#.............#.##......##
..#.........#.###.......##
.........#..#.....##.....#
##.......##........##....#######
........##....##...###....#.....
##........#..#'###...##....######
#.......##...##.@##..##....#...#
#.......##..###.##..###....###.#
#......###...##.....##....## #.#
........##....#######....## #.#
........##.....####.(....# ###.#
........####............## #...#
........## ####......#### #.###
...>.....# ######## ####.#
.........# #)##.#


There were no monsters in sight!

Vanquished Creatures
  Cerebov (Pan)
  Antaeus (Coc:7)
  the Royal Jelly (Slime:5)
  Asmodeus (Geh:7)
  Mnoleg (Pan)
  the Serpent of Hell (Dis:7)
  Ignacio (Pan)
  Gloorx Vloq (Pan)
  Lom Lobon (Pan)
  Frederick (Vaults:3)
  Dispater (Dis:7)
  Khufu (Tomb:3)
  19 dread liches
  12 orbs of fire
  28 ancient liches
  32 pandemonium lords
  Mennas (Crypt:2)
  5 juggernauts
  Vv (Crypt:2)
  Boris (thrice) (Elf:3 Depths:3 Vaults:2)
  34 royal mummies
  22 Killer Klowns
  32 shard shrikes
  Vashnia (Snake:4)
  Saint Roka (Orc:2)
  A curse toe (Zot:2)
  33 caustic shrikes
  Geryon (Hell)
  Nikola (Elf:1)
  28 golden dragons
  37 bone dragons
  19 Tzitzimimeh
  6 profane servitors
  35 Brimstone Fiends
  15 doom hounds
  33 hellephants
  27 tentacled monstrosities
  13 iron giants
  3 electric golems
  A spectral shard shrike (Crypt:3)
  Zenata (Vaults:4)
  27 Hell Sentinels
  34 Ice Fiends
  18 tainted leviathans
  22 deep elf blademasters
  4 walking frostbound tomes
  27 liches
  30 deep elf master archers
  25 Orb Guardians (Zot:5)
  11 sphinxes
  47 searing wretches
  23 titans
  8 quicksilver dragons
  A walking divine tome (Depths:4)
  Frances (Elf:1)
  23 tentacled starspawn
  31 Executioners
  Murray (Depths:1)
  20 acid blobs
  The ghost of Ucecisk the Peltast, an adept OpAl of Kikubaaqudgha (Elf:1)
  46 ancient champions
  4 eldritch tentacles
  12 storm dragons
  11 death cobs
  2 thorn hunters (Swamp:4)
  6 shadow dragons
  7 tengu reavers
  17 revenants
  12 rockslimes
  16 nagarajas
  Donald (Crypt:2)
  19 azure jellies
  13 fenstrider witches
  23 demonspawn warmongers
  27 fire giants
  12 draconian knights
  A daeva (Pan)
  7 deep elf sorcerers
  10 draconian monks
  16 frost giants
  112 balrugs
  31 narguns
  14 quicksilver elementals
  12 draconian shifters
  A fenstrider witch (shapeshifter) (Zig:24)
  18 vault wardens
  15 iron dragons
  22 ghost moths
  14 protean progenitors
  29 cacodemons
  47 orc warlords
  4 emperor scorpions
  2 deep elf elementalists
  20 draconian scorchers
  13 shard shrike simulacra
  3 spectral juggernauts
  2 spectral caustic shrikes
  13 curse skulls
  11 ghouls
  20 ironbound preservers
  26 reapers
  25 demonspawn blood saints
  11 draconian stormcallers
  3 caustic shrike skeletons
  A broodmother (Zig:15)
  2 angels (Zig:24)
  19 demonspawn corrupters
  A juggernaut skeleton (Pan)
  35 stone giants
  12 draconian annihilators
  14 quicksilver oozes
  A stone giant (shapeshifter) (Zig:24)
  36 very ugly things
  7 formless jellyfish
  10 ironbound thunderhulks
  26 deep elf demonologists
  25 vampire knights
  15 black draconians
  5 eleionomae
  20 deep elf death magi
  6 green draconians
  18 elemental wellsprings
  10 putrid mouths
  16 dire elephants
  19 demonspawn black suns
  13 bunyips
  A minotaur (Gauntlet)
  32 deep elf annihilators
  An eleionoma (shapeshifter) (Zig:24)
  26 lorocyprocas
  31 wendigos
  10 bennus
  6 spark wasps
  49 war gargoyles
  11 white draconians
  20 starcursed masses
  38 eidola
  10 purple draconians
  14 yellow draconians
  16 red draconians
  5 crystal guardians
  33 blizzard demons
  13 fire dragons
  12 merfolk impalers
  23 mummy priests
  Josephine (D:14)
  32 green deaths
  12 jiangshi
  5 shambling mangroves
  38 deep elf high priests
  The ghost of Megalobster the Severer, a journeyman MiBe of Trog (Lair:1)
  23 iron golems
  An ettin (shapeshifter) (Zig:24)
  14 merfolk javelineers
  A spectral quicksilver dragon (Crypt:3)
  9 ettins
  Fannar (Lair:3)
  2 spectral spriggans
  31 salamander tyrants
  24 yaktaur captains
  4 spriggan zombies
  31 vault guards
  13 rakshasas
  14 great orbs of eyes
  9 hell beasts
  5 ice dragons
  11 entropy weavers
  13 caustic shrike simulacra
  6 juggernaut simulacra
  2 merfolk avatars
  6 spriggan air magi
  6 jorogumos
  15 ogre magi
  18 alligators
  5 radroaches
  5 catoblepae
  26 stokers
  26 hydras
  4 peacekeepers
  2 alligator snapping turtles
  6 ironbound frosthearts
  5 ghost crabs
  13 merfolk aquamancers
  10 anacondas
  9 tengu warriors
  18 centaur warriors
  2 boulder beetles
  3 death knights
  6 deep troll shamans
  A two-headed ogre (shapeshifter) (Zig:24)
  31 two-headed ogres
  5 satyrs
  85 death scarabs
  2 alligator snapping turtles (shapeshifter) (Zig:24)
  21 naga warriors
  4 death yaks
  A sphinx skeleton (Zig:21)
  11 deep troll earth magi
  2 occultists (Swamp:4)
  2 spriggan berserkers
  34 naga sharpshooters
  The ghost of Arcaseus the Eclecticist, a journeyman DEFE of Vehumet (Lair:2)
  15 thrashing horrors
  26 vampire magi
  83 dancing weapons
  Urug (Lair:1)
  17 shock serpents
  37 deep elf knights
  A spectral naga (Crypt:3)
  11 demonic crawlers
  30 hell hogs
  32 orc high priests
  34 soul eaters
  A spectral dire elephant (Tar:1)
  93 sun demons
  37 hell knights
  2 skysharks (shapeshifter)
  14 skysharks
  10 crystal echidnas
  10 fire crabs
  21 iron trolls
  4 pharaoh ants
  6 spatial maelstroms
  25 wretched stars
  2 iron trolls (shapeshifter) (Zig:24)
  9 goliath frogs
  32 sixfirhies
  10 salamander mystics
  35 shadow wraiths
  A death drake (shapeshifter) (Zig:24)
  26 skeletal warriors
  20 sea snakes
  15 glowing orange brains
  10 swamp dragons
  25 flayed ghosts
  49 large abominations
  6 quicksilver dragon simulacra
  13 mana vipers
  4 death drakes
  A glowing orange brain (shapeshifter) (Zig:24)
  14 naga ritualists
  24 deep elf archers
  17 shadow demons
  A mana viper (shapeshifter) (Vaults:5)
  6 arcanists
  42 deep trolls
  3 orb spiders
  5 bog bodies
  7 orange crystal statues
  5 sun moths (Pan)
  13 spriggan druids
  4 obsidian statues
  An orb spider (shapeshifter) (Zig:24)
  12 harpies
  12 lindwurms
  A swamp dragon (shapeshifter) (Depths:2)
  8 spriggan simulacra
  18 ironbound convokers
  4 lightning spires (Zig:22)
  A spectral alligator (Crypt:3)
  An iron dragon zombie (Zig:21)
  36 phantasmal warriors
  59 deep elf pyromancers
  A sea snake (shapeshifter) (Vaults:5)
  10 necromancers
  A fenstrider witch simulacrum (Coc:2)
  20 orc knights
  A wolf spider zombie (D:14)
  52 deep elf zephyrmancers
  A harpy (shapeshifter) (Zig:24)
  12 cyclopes
  A goliath frog zombie (Crypt:1)
  5 steelbarb worms
  53 oklob plants
  2 shadow dragon skeletons (Zig:21)
  8 wolf spiders
  9 shining eyes
  35 ugly things
  An alligator skeleton (Hell)
  5 fauns (Zig:16)
  2 fauns (shapeshifter)
  5 worldbinders
  24 salamanders
  A salamander (shapeshifter) (Vaults:5)
  A stone giant zombie (Crypt:1)
  19 orc sorcerers
  An iron dragon skeleton (Zig:21)
  A meliai (shapeshifter) (Zig:12)
  43 moths of wrath
  23 will-o-the-wisps
  10 manticores
  9 titan simulacra
  3 Executioner simulacra (Pan)
  25 elephants
  3 meliai
  3 molten gargoyles (Hell)
  A dire elephant zombie (Abyss:4)
  A jorogumo skeleton (Crypt:2)
  4 merfolk sirens
  10 centaur zombies
  9 ice statues
  An eye of devastation (shapeshifter) (D:15)
  A guardian serpent (shapeshifter) (Zig:4)
  14 rust devils
  9 guardian serpents
  A spectral centaur (Tar:2)
  56 smoke demons
  7 torpor snails
  22 water nymphs
  12 kobold blastminers
  28 naga magi
  43 black mambas
  2 eyes of devastation
  8 apocalypse crabs
  2 torpor snails (shapeshifter)
  17 vault sentinels
  31 orange demons
  2 gargoyles (D:13)
  36 hellions
  A kobold demonologist (D:11)
  A water nymph (shapeshifter) (Zig:24)
  2 cane toads (shapeshifter)
  2 centaur skeletons (Crypt:1)
  A storm dragon simulacrum (Coc:2)
  15 cane toads
  Jeremiah (D:8)
  A yellow draconian zombie (Crypt:3)
  11 efreet
  A death yak zombie (Crypt:3)
  3 bunyip simulacra
  30 tormentors
  10 freezing wraiths
  37 yaktaurs
  4 rime drakes
  15 ice devils
  A redback zombie (D:14)
  An unseen horror (Abyss:5)
  A silent spectre (Tar:1)
  17 ancient zymes
  7 anaconda simulacra
  5 iron giant simulacra
  A purple draconian skeleton (Crypt:1)
  12 komodo dragons
  34 guardian mummies
  13 polar bears
  2 tengu conjurers (Depths:2)
  8 red devils
  A harpy zombie (Crypt:1)
  A merfolk (shapeshifter) (Depths:4)
  3 golden dragon simulacra
  5 spectral harpies
  14 merfolk
  A hydra zombie (Crypt:2)
  A sea snake skeleton (Hell)
  8 tyrant leeches
  Grinder (D:5)
  2 tengu simulacra
  An alligator simulacrum (Hell)
  21 hornets
  17 trolls
  8 bloated husks
  37 hellwings
  2 hydra skeletons (Hell)
  A harpy skeleton (Crypt:3)
  12 wind drakes
  42 raiju
  A tarantella (shapeshifter) (Zig:24)
  9 blink frogs
  5 dream sheep (Lair:5)
  An ettin zombie (Tomb:1)
  8 snapping turtles
  A dream sheep (shapeshifter) (Vaults:5)
  A guardian serpent zombie (Crypt:2)
  An iron dragon simulacrum (Coc:2)
  A meliai zombie (D:14)
  8 air elementals
  7 stone giant simulacra
  7 glass eyes
  8 jumping spiders
  48 slime creatures
  6 culicivoras
  13 shadows
  4 centaur simulacra
  A slime creature (shapeshifter) (Zig:27)
  26 spriggans
  A spriggan (shapeshifter) (Zig:27)
  12 wraiths
  A naga simulacrum (Coc:7)
  A slime creature zombie (Crypt:2)
  34 ynoxinuls
  2 alligator snapping turtle simulacra
  6 vampires
  A fire bat (shapeshifter) (Zig:4)
  10 fire bats
  10 water elementals
  45 yaks
  21 ushabtiu
  10 wyverns
  5 dire elephant simulacra
  Grum (Lair:1)
  The ghost of Suckerboh the Cudgeller, an amateur MiGl (D:4)
  A black mamba skeleton (Abyss:2)
  11 fire elementals
  2 yaks (shapeshifter)
  5 basilisks
  14 wargs
  8 humans (Zot:2)
  16 golden eyes
  3 steam dragons
  A golden eye (shapeshifter) (Zig:27)
  6 vampire mosquitoes
  32 chaos spawn
  27 neqoxecs
  7 redbacks
  A demonspawn zombie (Crypt:1)
  A glowing shapeshifter zombie (Zig:21)
  11 small abominations
  14 swamp worms
  65 nagas
  17 harpy simulacra
  A spectral cane toad (Gauntlet)
  4 hydra simulacra
  2 swamp worms (shapeshifter) (Zig:24)
  3 acid dragons
  36 water moccasins
  A hell hound (Snake:1)
  Duvessa (D:5)
  A faun skeleton (Crypt:2)
  A glowing shapeshifter skeleton (Zig:21)
  13 laughing skulls
  110 orc warriors
  2 sky beasts
  An ice beast (D:7)
  6 black bears
  A dream sheep zombie (Crypt:1)
  2 swamp drakes
  2 tengu (shapeshifter)
  63 ogres
  5 ettin simulacra
  32 wolves
  20 centaurs
  An ogre (shapeshifter) (Zig:24)
  5 boggarts (Lair:5)
  20 weeping skulls
  5 kobold brigands
  A brain worm (shapeshifter) (Zig:23)
  11 bullfrogs
  6 brain worms (Pan)
  An elf skeleton (Crypt:3)
  2 gnoll sergeants
  A draconian skeleton (Crypt:1)
  4 necrophages
  A water moccasin zombie (Crypt:1)
  A scorpion (D:5)
  12 earth elementals
  3 wights
  A raiju zombie (Crypt:2)
  Dowan (D:5)
  A troll zombie (Crypt:1)
  6 killer bees (D:11)
  A howler monkey (D:7)
  A polar bear skeleton (Crypt:3)
  12 electric eels
  3 crimson imps (Zig:17)
  2 quasits
  7 hounds
  2 bombardier beetles
  4 jellies (Lair:1)
  A gnoll bouda (D:4)
  30 orc priests
  Terence (D:2)
  6 hell rats
  30 orc wizards
  A sleepcap (D:5)
  2 iguanas
  A killer bee zombie (Crypt:1)
  2 ogre zombies
  A sky beast zombie (Crypt:3)
  45 mummies
  18 gnolls
  13 adders
  7 river rats
  A swamp drake skeleton (Crypt:3)
  A shadow imp (Abyss:4)
  5 white imps
  7 ufetubi
  An iguana skeleton (Crypt:2)
  3 dart slugs
  5 ribbon worms
  85 orcs
  6 ball pythons
  8 endoplasms
  9 giant cockroaches
  4 goblins
  7 hobgoblins
  3 jackals (D:2)
  17 kobolds
  4 quokkas
  A ball python skeleton (Crypt:2)
  7 bats
  3 frilled lizards
  A goblin zombie (Crypt:3)
  13 rats
  2 rat zombies (D:6)
  18 aspiring fleshes
  3 ball lightnings
  3 creeping infernos
  3 fire vortices
  2 lurking horrors (Abyss:4)
  3 starspawn tentacles
6439 creatures vanquished.

Vanquished Creatures (collateral kills)
  Ereshkigal (Tar:7)
  A caustic shrike (Dis:5)
  A Tzitzimitl (Tar:7)
  A bone dragon (Tar:7)
  A pandemonium lord (Zig:24)
  A titan (Coc:7)
  A demonspawn warmonger (Pan)
  A quicksilver ooze (Slime:5)
  2 formless jellyfish
  A very ugly thing (Vaults:5)
  A stone giant (Vaults:2)
  A demonspawn black sun (Pan)
  2 dire elephants
  A starcursed mass (Zig:24)
  An ettin (Vaults:5)
  A blizzard demon (Pan)
  A great orb of eyes (Slime:5)
  A jorogumo (Zig:24)
  2 death scarabs
  A hellephant skeleton (Pan)
  A deep troll (Depths:2)
  A necromancer (Hell)
  An Executioner simulacrum (Pan)
  A titan simulacrum (Coc:5)
  A hellion (Pan)
  An iron giant simulacrum (Coc:7)
  An ice devil (Pan)
  A tengu simulacrum (Zig:8)
  A harpy skeleton (Abyss:4)
  A wraith (Crypt:1)
  A ynoxinul (Abyss:2)
  A black mamba skeleton (Crypt:1)
  3 harpy simulacra
  3 chaos spawn
  A hydra simulacrum (Hell)
  4 small abominations
  A glowing shapeshifter simulacrum (Zig:21)
  A jelly (D:5)
  11 mummies
  A gnoll (D:5)
  4 river rats (Sewer)
  An ufetubus (Abyss:2)
  2 rats (Sewer)
  2 aspiring fleshes
69 creatures vanquished.

Vanquished Creatures (others)
  A fenstrider witch (Zig:22)
  A nagaraja (Pan)
  A very ugly thing (Zig:24)
  A demonspawn black sun (Pan)
  A war gargoyle (Vaults:5)
  A deep elf annihilator (Pan)
  2 rakshasas (Pan)
  2 alligators
  A hydra (Zig:22)
  An alligator snapping turtle (shapeshifter) (Zig:24)
  A dancing weapon (Elf:1)
  A deep elf knight (Snake:1)
  2 death drakes
  A sun moth (shapeshifter) (Zig:24)
  A will-o-the-wisp (Zig:22)
  An apocalypse crab (Zig:24)
  A smoke demon (Pan)
  An anaconda simulacrum (Coc:2)
  A bloated husk (Zig:22)
  A vampire mosquito (Swamp:3)
  6 ball lightnings
  1252 fire vortices
  22 foxfires
  A lurking horror (Abyss:4)
  15 starspawn tentacles
1319 creatures vanquished.

Grand Total: 7827 creatures vanquished

Notes
Turn   | Place    | Note
-------+----------+-------------------------------------------
     0 | D:1      | Charly the Demonspawn Alchemist began the quest for the
                  | Orb.
     0 | D:1      | Reached XP level 1. HP: 13/13 MP: 3/3
   374 | D:1      | Gained mutation: You have a pair of small horns on your
                  | head. [demonic ancestry]
   374 | D:1      | Reached XP level 2. HP: 14/20 MP: 0/5
   767 | D:1      | Learned a level 2 spell: Mercury Vapours
  1305 | D:1      | Reached skill level 1 in Fighting
  1579 | D:2      | Noticed Terence
  1726 | D:2      | Gained mutation: You have a pair of horns on your head.
                  | [demonic ancestry]
  1726 | D:2      | Reached XP level 3. HP: 25/26 MP: 1/6
  2333 | D:2      | Noticed a phantom
  2548 | D:3      | Found a faded altar of an unknown god.
  2557 | D:2      | Gained mutation: You may rarely emit foul miasma when
                  | damaged in melee. [demonic ancestry]
  2557 | D:2      | Reached XP level 4. HP: 24/32 MP: 4/7
  3631 | D:2      | Gained mutation: You sometimes emit foul miasma when
                  | damaged in melee. [demonic ancestry]
  3631 | D:2      | Reached XP level 5. HP: 27/38 MP: 3/9
  3781 | D:3      | You fall into a shaft and drop 2 floors!
  3781 | D:5      | Entered Level 5 of the Dungeon
  3788 | D:5      | Noticed a centaur
  3809 | D:5      | Killed a centaur
  3927 | D:5      | Gained mutation: You are partially covered in rugged brown
                  | scales. (AC +1, +3% HP) [demonic ancestry]
  3927 | D:5      | Reached XP level 6. HP: 30/47 MP: 5/10
  4223 | D:5      | Noticed Duvessa
  4257 | D:5      | Reached skill level 1 in Evocations
  4333 | D:6      | Reached skill level 5 in Alchemy
  4519 | D:6      | a jelly changed into a sky beast
  4519 | D:6      | Noticed a sky beast
  4551 | D:6      | Found a glowing drain.
  4560 | Sewer    | Entered a sewer
  4601 | Sewer    | Reached XP level 7. HP: 45/53 MP: 9/12
  4846 | D:5      | Noticed Grinder
  4916 | D:6      | Found a sand-covered staircase.
  4947 | D:6      | Learned a level 4 spell: Olgreb's Toxic Radiance
  5003 | Ossuary  | Entered an ossuary
  5456 | D:4      | Reached XP level 8. HP: 59/59 MP: 8/14
  5501 | D:4      | Found a staircase to the Ecumenical Temple.
  6188 | D:4      | Found a stormy altar of Qazlal.
  6189 | D:4      | Found a sparkling altar of Nemelex Xobeh.
  6247 | Temple   | Entered the Ecumenical Temple
  6319 | Temple   | Became a worshipper of Vehumet
  6556 | D:4      | Found Uvauror's Gadget Gallery.
  6566 | D:4      | Bought a wand of iceblast (3) for 86 gold pieces
  6591 | D:4      | Found a runed translucent door.
  6983 | D:4      | Noticed Suckerboh's ghost (amateur MiGl)
  7257 | D:5      | Killed Duvessa
  7258 | D:5      | Reached skill level 5 in Spellcasting
  7688 | D:6      | Identified 2 scrolls of acquirement
  7688 | D:6      | Acquired the ring "Esocas" {rPois rF+ MP+9 Str-2 Dex+6}
  7693 | D:6      | Acquired the Papyrus of Blasts and the Beaker
  7700 | D:6      | Learned a level 4 spell: Ignite Poison
  7837 | D:6      | Reached skill level 1 in Fire Magic
  7842 | D:6      | Gained mutation: You frequently emit foul miasma when
                  | damaged in melee. [demonic ancestry]
  7842 | D:6      | Reached XP level 9. HP: 64/64 MP: 16/17
  7989 | D:6      | Reached * piety under Vehumet
  7989 | D:6      | Offered knowledge of Sandblast by Vehumet.
  8126 | D:6      | Reached skill level 5 in Evocations
  8218 | D:6      | Found Jemalaj's General Store.
  8228 | D:6      | Bought a scroll of identify for 24 gold pieces
  8452 | D:7      | Learned a level 4 spell: Sticky Flame
  8821 | D:7      | Found a hazy altar of Hepliaklqana.
  9070 | D:7      | Identified the +1 chain mail of Lugonu's Grace {rCorr MP+9
                  | Str-2 Stlth+}
 10098 | D:6      | Bought a staff of alchemy for 300 gold pieces
 10149 | D:8      | Learned a level 3 spell: Mephitic Cloud
 10356 | D:8      | Noticed a two-headed ogre
 10362 | D:8      | Killed a two-headed ogre
 10362 | D:8      | Offered knowledge of Foxfire by Vehumet.
 10363 | D:8      | Reached skill level 5 in Fire Magic
 10363 | D:8      | Reached skill level 10 in Alchemy
 10363 | D:8      | Reached XP level 10. HP: 72/72 MP: 13/19
 10746 | D:8      | Noticed Jeremiah
 10754 | D:8      | Killed Jeremiah
 10755 | D:8      | Reached skill level 1 in Air Magic
 10996 | D:8      | Found a staircase to the Lair.
 10996 | D:8      | Noticed a death yak
 11009 | D:8      | Killed a death yak
 11009 | D:8      | Reached ** piety under Vehumet
 11054 | D:8      | Noticed a death yak
 11056 | D:8      | Noticed a death yak
 11065 | D:8      | Killed a death yak
 11065 | D:8      | Killed a death yak
 11335 | D:8      | Identified the ring "Regef" {^Contam rF+ Dex+3 Slay+2}
 11473 | D:8      | Learned a level 1 spell: Apportation
 11540 | D:5      | Noticed Dowan
 11603 | D:2      | Killed Terence
 11737 | D:5      | Killed Dowan
 12010 | D:5      | Killed Grinder
 12409 | D:9      | Reached XP level 11. HP: 80/80 MP: 22/22
 12531 | D:9      | Offered knowledge of Hailstorm by Vehumet.
 12669 | D:9      | Found a staircase to the Orcish Mines.
 12724 | D:9      | Noticed a two-headed ogre
 12743 | D:9      | Killed a two-headed ogre
 12744 | D:9      | Reached skill level 5 in Fighting
 13174 | D:9      | Reached *** piety under Vehumet
 13497 | D:10     | Entered Level 10 of the Dungeon
 13502 | D:10     | Learned a level 3 spell: Swiftness
 13867 | D:10     | Identified the +2 chain mail of Impatience {Str-3 Dex+3}
 13883 | D:10     | Identified the +1 quarterstaff of Locus Delicti {elec, rC+
                  | Will+ Str+3}
 14102 | D:10     | Reached skill level 1 in Staves
 14384 | D:10     | Found a hide-covered altar of Uskayaw.
 14384 | D:10     | Found a basalt altar of Yredelemnul.
 14549 | Lair:1   | Entered Level 1 of the Lair of Beasts
 14561 | Lair:1   | You fall into a shaft and drop 1 floor!
 14572 | Lair:2   | Found a transporter.
 14572 | Lair:2   | Found a transporter.
 14595 | Lair:2   | Noticed a spriggan rider
 14631 | Lair:2   | Found a gate leading to a gauntlet.
 14640 | Gauntlet | Entered a Gauntlet
 14640 | Gauntlet | Found a runed translucent door.
 14640 | Gauntlet | Found a transporter.
 14640 | Gauntlet | Found a runed translucent door.
 14640 | Gauntlet | Found a transporter.
 14690 | Gauntlet | Found a transporter.
 14708 | Gauntlet | Found a transporter.
 14708 | Gauntlet | Found a transporter.
 14708 | Gauntlet | Found a transporter.
 14710 | Gauntlet | Found a transporter.
 14710 | Gauntlet | Found a transporter.
 14715 | Gauntlet | Noticed a death scarab
 14715 | Gauntlet | Noticed a death scarab
 14722 | Gauntlet | Found a transporter.
 14738 | Gauntlet | Found a transporter.
 14738 | Gauntlet | Noticed a wolf spider
 14739 | Gauntlet | Noticed an entropy weaver
 14748 | Gauntlet | Found a transporter.
 14762 | Gauntlet | Found a transporter.
 14782 | Gauntlet | Found a transporter.
 14782 | Gauntlet | Noticed a death scarab
 14794 | Gauntlet | Found a transporter.
 14843 | Gauntlet | Killed a death scarab
 14845 | Gauntlet | Identified the +0 pair of boots "Upsuhut" {*Slow rN++
                  | Dex+3}
 15118 | Gauntlet | Learned a level 6 spell: Eringya's Noxious Bog
 15152 | Gauntlet | Killed an entropy weaver
 15160 | Gauntlet | Killed a wolf spider
 15160 | Gauntlet | Offered knowledge of Airstrike by Vehumet.
 15169 | Gauntlet | Identified the ring of Saejac {rElec rN+ Will+ Int+2}
 15234 | Gauntlet | Noticed a minotaur
 15250 | Gauntlet | Killed a minotaur
 15259 | Gauntlet | Found the +3 pair of gauntlets of War {Slay+5}
 15264 | Gauntlet | Identified the +7 war axe "Pelaug" {pain, rC+ Str+3}
 15660 | Lair:1   | Found a runed translucent gate.
 15660 | Lair:1   | Found a runed translucent gate.
 15660 | Lair:1   | Found a runed translucent gate.
 15661 | Lair:1   | Noticed Megalobster's ghost (journeyman MiBe)
 15739 | Lair:1   | Noticed Grum
 15742 | Lair:1   | Killed Grum
 15976 | Lair:1   | Noticed Urug
 15990 | Lair:1   | Killed Urug
 16391 | Lair:1   | Found a viscous altar of Jiyva.
 16613 | Lair:2   | Gained mutation: You are mostly covered in rugged brown
                  | scales. (AC +2, +5% HP) [demonic ancestry]
 16613 | Lair:2   | Reached XP level 12. HP: 76/92 MP: 21/24
 17008 | Lair:2   | Identified the staff of Fear {rC+ Will+ Ice}
 17127 | Lair:2   | Noticed Arcaseus's ghost (journeyman DEFE)
 17134 | Lair:2   | Found a bloodstained altar of Trog.
 17230 | Lair:2   | Found a staircase to the Swamp.
 17230 | Lair:2   | Noticed an alligator
 17481 | Lair:2   | Killed an alligator
 17527 | Lair:2   | Noticed a four-headed hydra
 17536 | Lair:2   | Killed a four-headed hydra
 17585 | Lair:2   | Noticed a seven-headed hydra
 17595 | Lair:2   | Reached **** piety under Vehumet
 17609 | Lair:2   | Killed a seven-headed hydra
 17928 | Lair:2   | Noticed a five-headed hydra
 17957 | Lair:2   | Killed a five-headed hydra
 18090 | Lair:3   | Noticed Fannar
 18096 | Lair:3   | Killed Fannar
 18096 | Lair:3   | Offered knowledge of Irradiate by Vehumet.
 18118 | Lair:3   | Learned a level 5 spell: Irradiate
 18182 | Lair:3   | Reached skill level 5 in Air Magic
 18241 | Lair:3   | Found a staircase to the Snake Pit.
 18396 | Lair:3   | Reached skill level 10 in Spellcasting
 18397 | Lair:3   | Noticed a seven-headed hydra
 18404 | Lair:3   | Killed a seven-headed hydra
 18685 | Lair:3   | Reached XP level 13. HP: 100/100 MP: 27/27
 18854 | Lair:3   | Reached ***** piety under Vehumet
 18973 | Lair:3   | Offered knowledge of Freezing Cloud by Vehumet.
 20208 | Lair:4   | Found a viscous altar of Jiyva.
 20211 | Lair:4   | Found a staircase to the Slime Pits.
 21058 | Lair:5   | Entered Level 5 of the Lair of Beasts
 21066 | Lair:5   | Learned a level 5 spell: Fireball
 21842 | Lair:5   | Reached XP level 14. HP: 86/111 MP: 25/30
 22270 | Lair:5   | Found a sparkling altar of Nemelex Xobeh.
 22918 | Lair:5   | Offered knowledge of Bombard by Vehumet.
 22956 | Lair:5   | Reached skill level 5 in Dodging
 23990 | D:11     | Reached skill level 5 in Conjurations
 24041 | D:11     | Found a faded altar of an unknown god.
 24098 | D:11     | Got the Meditations on the Translocated Mob
 24099 | D:11     | Identified the +8 quarterstaff "Killer Klown's Death"
                  | {freeze, rElec rC- Int+3}
 24111 | D:11     | Learned a level 5 spell: Yara's Violent Unravelling
 24139 | D:11     | Identified the +9 demon whip "Zuos" {drain, rElec rF+}
 24434 | D:11     | Found Pajuscheb's Hydra Hut.
 25524 | D:12     | Found a portal to a secret trove of treasure.
 26066 | D:13     | Offered knowledge of Ozocubu's Refrigeration by Vehumet.
 26089 | D:13     | Identified the +4 ring mail of Satisfaction {Str+5 Dex-2
                  | Stlth+}
 26384 | D:13     | Gained mutation: You regenerate magic rapidly. [demonic
                  | ancestry]
 26384 | D:13     | Reached XP level 15. HP: 88/120 MP: 28/32
 26552 | D:13     | Reached skill level 10 in Fighting
 27143 | D:14     | Reached skill level 10 in Evocations
 27834 | D:14     | Gained mutation: You occasionally shout uncontrollably at
                  | your foes. [mutagenic glow]
 28213 | D:14     | Found a gate to the Vaults.
 28512 | D:14     | Noticed Josephine
 28520 | D:14     | Killed Josephine
 28679 | D:15     | Entered Level 15 of the Dungeon
 29319 | D:15     | Offered knowledge of Plasma Beam by Vehumet.
 29487 | D:15     | Found a staircase to the Depths.
 29705 | Orc:1    | Entered Level 1 of the Orcish Mines
 29761 | Orc:2    | Entered Level 2 of the Orcish Mines
 30026 | Orc:2    | Found Iggal Ufedo's Assorted Antiques.
 30026 | Orc:2    | Found Keysua's Weapon Boutique.
 30026 | Orc:2    | Found Bowk's Distillery.
 30026 | Orc:2    | Found Onaud's Book Shoppe.
 30037 | Orc:2    | Reached skill level 10 in Fire Magic
 30038 | Orc:2    | Gained mutation: You have a pair of large horns on your
                  | head. [demonic ancestry]
 30038 | Orc:2    | Reached XP level 16. HP: 119/128 MP: 34/34
 30137 | Orc:2    | Bought a potion of heal wounds for 140 gold pieces
 30137 | Orc:2    | Bought a scroll of blinking for 210 gold pieces
 30137 | Orc:2    | Bought a fuming yellow potion for 25 gold pieces
 30138 | Orc:2    | Bought a potion of heal wounds for 80 gold pieces
 30138 | Orc:2    | Bought a potion of resistance for 160 gold pieces
 30138 | Orc:2    | Bought a potion of heal wounds for 80 gold pieces
 30138 | Orc:2    | Bought a potion of enlightenment for 80 gold pieces
 30164 | Orc:2    | Reached ****** piety under Vehumet
 30221 | Orc:2    | Found a staircase to the Elven Halls.
 30264 | Orc:2    | Noticed Saint Roka
 30284 | Orc:2    | Killed Saint Roka
 30865 | Orc:1    | Offered knowledge of Spellforged Servitor by Vehumet.
 30870 | Orc:1    | Found Alebiokh's Jewellery Shop.
 30962 | Orc:1    | Bought the ring of Duogho Obana {Wiz *Slow rN+ Will+ Int+9}
                  | for 1081 gold pieces
 30967 | Orc:1    | Bought the amulet of Cheibriados, Freezing {Reflect Harm
                  | rElec rF- rCorr SH+5} for 766 gold pieces
 31139 | Orc:1    | Found a runed translucent gate.
 31139 | Orc:1    | Found a runed translucent gate.
 31139 | Orc:1    | Found a runed translucent gate.
 31143 | Orc:1    | Noticed vbillard's ghost (journeyman DECj)
 31389 | D:4      | Killed Suckerboh's ghost
 31546 | Lair:1   | Killed Megalobster's ghost
 31622 | Lair:2   | Killed Arcaseus's ghost
 31697 | Swamp:1  | Entered Level 1 of the Swamp
 31697 | Swamp:1  | Noticed Silenth's ghost (adept KoHu)
 31697 | Swamp:1  | Found a runed translucent door.
 31748 | Swamp:1  | Reached skill level 10 in Conjurations
 31761 | Swamp:2  | You fall into a shaft and drop 1 floor!
 32156 | Swamp:4  | Entered Level 4 of the Swamp
 32637 | Swamp:4  | Gained mutation: When hurt, damage is shared between your
                  | health and your magic reserves. [demonic ancestry]
 32637 | Swamp:4  | Reached XP level 17. HP: 134/134 MP: 35/35
 32660 | Swamp:4  | Offered knowledge of Starburst by Vehumet.
 32885 | Swamp:4  | Reached skill level 15 in Spellcasting
 33000 | Swamp:4  | Gained mutation: You are dopey. (Int -2) [mutagenic glow]
 33006 | Swamp:4  | Got a mossy gem with 364 turns to spare
 33010 | Swamp:4  | Got a decaying rune of Zot
 35182 | Orc:2    | Bought an Everburning Encyclopedia for 532 gold pieces
 35191 | Orc:2    | Learned a level 8 spell: Ignition
 35330 | Snake:1  | Entered Level 1 of the Snake Pit
 35670 | Snake:1  | Lost mutation: You occasionally shout uncontrollably at
                  | your foes. [potion of mutation]
 35670 | Snake:1  | Lost mutation: You are dopey. (Int -2) [potion of mutation]
 35670 | Snake:1  | Gained mutation: Your natural rate of healing is unusually
                  | fast. [potion of mutation]
 35670 | Snake:1  | Gained mutation: You are somewhat resistant to further
                  | mutation. [potion of mutation]
 35756 | Snake:1  | Offered knowledge of Lehudib's Crystal Spear by Vehumet.
 36016 | Snake:3  | Reached XP level 18. HP: 91/140 MP: 14/37
 36023 | Snake:3  | Found the +8 whip "Snakebite" {venom, curare, rPois}
 36132 | Snake:4  | Entered Level 4 of the Snake Pit
 36185 | Snake:4  | Reached skill level 15 in Fire Magic
 36441 | Snake:4  | Got a jade gem with 1258 turns to spare
 36451 | Snake:4  | Got a serpentine rune of Zot
 36630 | Snake:4  | Noticed Vashnia
 36634 | Snake:4  | Killed Vashnia
 37435 | Snake:3  | Gained mutation: You are completely covered in rugged brown
                  | scales. (AC +3, +7% HP) [demonic ancestry]
 37435 | Snake:3  | Reached XP level 19. HP: 140/149 MP: 14/39
 37556 | Snake:3  | Offered knowledge of Lehudib's Crystal Spear by Vehumet.
 37556 | Snake:3  | Offered knowledge of Polar Vortex by Vehumet.
 38074 | Snake:3  | Found Zyng's Jewellery Boutique.
 38074 | Snake:3  | Found Epsein's Book Emporium.
 38075 | Snake:3  | Found Yckomnet's Book Emporium.
 38085 | Snake:3  | Bought a book of Spatial Translocations for 270 gold pieces
 38088 | Snake:3  | Learned a level 2 spell: Blink
 38123 | Snake:3  | Reached skill level 1 in Shields
 39556 | Elf:1    | Entered Level 1 of the Elven Halls
 39630 | Elf:1    | Acquired 901 gold pieces
 39631 | Elf:1    | Acquired a staff of fire
 39651 | Elf:1    | Noticed Nikola
 39655 | Elf:1    | Killed Nikola
 39655 | Elf:1    | Paralysed by an air elemental for 1 turns
 39679 | Elf:1    | Acquired 1050 gold pieces
 39753 | Elf:3    | Entered Level 3 of the Elven Halls
 39822 | Elf:3    | Identified the +1 acid dragon scales of the Trees {rPois
                  | rCorr}
 39825 | Elf:3    | Noticed Boris
 39831 | Elf:3    | Killed Boris
 39859 | Elf:3    | Identified the +4 plate armour of Lucidity {^Contam rElec
                  | rF+ SInv}
 39865 | Elf:3    | Got a shimmering gem with 1490 turns to spare
 39878 | Elf:3    | Identified the staff "Qotsea" {+Blink rF+ rN+ Str+2 Fire}
 39889 | Elf:3    | Identified the +6 war axe "Elofahy" {heavy, rN+ Int+3}
 39911 | Elf:3    | Identified the staff of Income {rF+ rC+ SInv Fire}
 39932 | Elf:3    | Identified the +4 quarterstaff of Leoqy {flame, Str+3
                  | Int+4}
 39938 | Elf:3    | Got the Notes on the Tropics
 39965 | Elf:3    | Identified the ring of the Salmon {MP+9 SInv}
 40046 | Elf:3    | Identified the +11 battleaxe of Duzeuh {freeze, *Slow rN+
                  | Int+6 Dex+2}
 40052 | Elf:3    | Identified the +2 arbalest of Faquj {drain, rElec rF- rCorr
                  | Dex+8}
 40289 | Elf:3    | Gained mutation: Your magical and physical power is
                  | slightly enhanced at high health. [demonic ancestry]
 40289 | Elf:3    | Reached XP level 20. HP: 159/159 MP: 40/41
 40826 | Elf:2    | Found Gewoopur's Antique Weapon Emporium.
 40830 | Elf:2    | Bought a shimmering eveningstar for 680 gold pieces
 40830 | Elf:2    | Identified the +5 eveningstar of Ignis's Favour {venom,
                  | rPois rF+ SInv} (You bought it in a shop on level 2 of the
                  | Elven Halls)
 40908 | Elf:2    | Reached skill level 15 in Conjurations
 41116 | Elf:2    | Learned a level 6 spell: Starburst
 41121 | Elf:2    | Found a runed translucent gate.
 41122 | Elf:2    | Found a runed translucent gate.
 41124 | Elf:2    | Found a runed translucent gate.
 42268 | Elf:1    | Found a huge runed translucent gate.
 42269 | Elf:1    | Found a huge runed translucent gate.
 42270 | Elf:1    | Found a huge runed translucent gate.
 42270 | Elf:1    | Found a huge runed translucent gate.
 42273 | Elf:1    | Found a huge runed translucent gate.
 42273 | Elf:1    | Found a huge runed translucent gate.
 42274 | Elf:1    | Found a huge runed translucent gate.
 42274 | Elf:1    | Found a huge runed translucent gate.
 42275 | Elf:1    | Found a huge runed translucent gate.
 42275 | Elf:1    | Found a huge runed translucent gate.
 42275 | Elf:1    | Found a huge runed translucent gate.
 42275 | Elf:1    | Found a huge runed translucent gate.
 42276 | Elf:1    | Found a huge runed translucent gate.
 42276 | Elf:1    | Found a huge runed translucent gate.
 42276 | Elf:1    | Found a huge runed translucent gate.
 42276 | Elf:1    | Found a huge runed translucent gate.
 42276 | Elf:1    | Found a huge runed translucent gate.
 42276 | Elf:1    | Found a huge runed translucent gate.
 42277 | Elf:1    | Found a huge runed translucent gate.
 42277 | Elf:1    | Found a huge runed translucent gate.
 42421 | Elf:1    | Found a runed translucent gate.
 42422 | Elf:1    | Found a runed translucent gate.
 42436 | Elf:1    | Found a runed translucent gate.
 42489 | Elf:1    | Noticed Frances
 42493 | Elf:1    | Killed Frances
 42526 | Elf:1    | Found a runed translucent door.
 42528 | Elf:1    | Noticed Ucecisk's ghost (adept OpAl)
 43165 | Elf:1    | Killed Ucecisk's ghost
 43422 | D:4      | Bought a sack of spiders for 480 gold pieces
 43422 | D:4      | Bought a phantom mirror for 480 gold pieces
 43422 | D:4      | Bought a lightning rod (4/4) for 480 gold pieces
 43664 | Depths:1 | Entered Level 1 of the Depths
 44262 | Depths:2 | Reached skill level 5 in Shields
 44302 | Depths:2 | Found a one-way gateway to a ziggurat.
 44416 | Depths:4 | Entered Level 4 of the Depths
 44654 | Depths:4 | Reached skill level 10 in Dodging
 44683 | Depths:4 | Noticed a bone dragon
 44714 | Depths:4 | Killed a bone dragon
 44768 | Depths:4 | Noticed a bone dragon
 44776 | Depths:4 | Killed a bone dragon
 44787 | Depths:4 | Reached XP level 21. HP: 144/169 MP: 6/42
 44880 | Depths:4 | Learned a level 9 spell: Fire Storm
 44892 | Depths:4 | Found a gate to the Realm of Zot.
 44896 | Depths:4 | Noticed a golden dragon
 44899 | Depths:4 | Killed a golden dragon
 44962 | Depths:4 | Got a midnight gem with 1689 turns to spare
 45037 | Depths:4 | Found Obbus's Armour Shoppe.
 45159 | Depths:4 | Found Wayf's Serpentskin Sales.
 45226 | Depths:4 | Found a gateway to Hell.
 45479 | Depths:3 | Noticed Boris
 45479 | Depths:3 | Noticed a golden dragon
 45482 | Depths:3 | Killed Boris
 45483 | Depths:3 | Killed a golden dragon
 45739 | Depths:3 | Noticed a juggernaut
 45741 | Depths:3 | Killed a juggernaut
 45950 | Depths:3 | Found a one-way gate to the infinite horrors of the Abyss.
 46422 | Depths:2 | Noticed a golden dragon
 46424 | Depths:2 | Killed a golden dragon
 46636 | Depths:2 | Noticed a caustic shrike
 46638 | Depths:2 | Killed a caustic shrike
 46778 | Depths:2 | Found a one-way gate leading to the halls of Pandemonium.
 47137 | Depths:2 | Identified the ring "Giwitafa" {rElec Will+ Str+6 Int-4
                  | Dex+6 Slay-6}
 47170 | Depths:2 | Noticed a golden dragon
 47172 | Depths:2 | Killed a golden dragon
 47177 | Depths:2 | Noticed a caustic shrike
 47180 | Depths:2 | Killed a caustic shrike
 47524 | Depths:2 | Gained mutation: When low on magic, you restore magic in
                  | place of health. [demonic ancestry]
 47524 | Depths:2 | Reached XP level 22. HP: 172/179 MP: 28/44
 48562 | Depths:1 | Identified the +0 great mace "Firuefuu" {freeze, rElec}
 48992 | Vaults:1 | Entered Level 1 of the Vaults
 49327 | Vaults:2 | Noticed Boris
 49329 | Vaults:2 | Killed Boris
 49343 | Vaults:2 | Found a staircase to the Crypt.
 49784 | Vaults:4 | Noticed Zenata
 49787 | Vaults:4 | Killed Zenata
 49829 | Vaults:4 | Found a flickering gateway to a bazaar.
 49839 | Bazaar   | Entered a bazaar
 49841 | Bazaar   | Found Vikhorch's Antique Weapon Boutique.
 49849 | Bazaar   | Found Neakheah's Distillery.
 49857 | Bazaar   | Bought a potion of mutation for 80 gold pieces
 49857 | Bazaar   | Bought a potion of haste for 100 gold pieces
 49857 | Bazaar   | Bought a potion of enlightenment for 50 gold pieces
 49857 | Bazaar   | Bought a potion of brilliance for 40 gold pieces
 49857 | Bazaar   | Bought a potion of invisibility for 80 gold pieces
 49857 | Bazaar   | Bought a potion of curing for 30 gold pieces
 49857 | Bazaar   | Bought a potion of curing for 30 gold pieces
 49875 | Bazaar   | Found Wutou's Book Shoppe.
 49882 | Bazaar   | Found Myure's Magic Scroll Boutique.
 49891 | Bazaar   | Bought a scroll of teleportation for 30 gold pieces
 49891 | Bazaar   | Bought a scroll of revelation for 75 gold pieces
 49891 | Bazaar   | Bought a scroll of fear for 40 gold pieces
 49891 | Bazaar   | Bought a scroll of fear for 40 gold pieces
 49891 | Bazaar   | Bought a scroll of vulnerability for 40 gold pieces
 49939 | Vaults:4 | Reached XP level 23. HP: 187/187 MP: 45/45
 50022 | Vaults:5 | Entered Level 5 of the Vaults
 50023 | Vaults:5 | Found Tilytoxt's Jewellery Shoppe.
 50048 | Vaults:5 | Got a silver rune of Zot
 50052 | Vaults:5 | Got a shining gem with 2753 turns to spare
 51098 | Vaults:3 | Identified the orb "Zepoille" {light, Dex+7}
 51098 | Vaults:3 | Noticed Frederick
 51100 | Vaults:3 | Killed Frederick
 51857 | Vaults:3 | Got the Elucidation of Ironbound Generation
 52525 | Vaults:1 | Identified the +1 ring mail of the Armoured One {rPois rF+
                  | MP-9 Int+5}
 53016 | Vaults:1 | Found Hesse's Distillery.
 53024 | Vaults:1 | Bought a potion of mutation for 144 gold pieces
 53024 | Vaults:1 | Bought a potion of cancellation for 144 gold pieces
 53024 | Vaults:1 | Bought a potion of curing for 54 gold pieces
 53024 | Vaults:1 | Bought 2 potions of invisibility for 288 gold pieces
 53024 | Vaults:1 | Bought a potion of cancellation for 144 gold pieces
 53024 | Vaults:1 | Bought a potion of might for 72 gold pieces
 53024 | Vaults:1 | Bought a potion of enlightenment for 90 gold pieces
 53299 | Vaults:1 | Gained mutation: Your magical and physical power is
                  | enhanced at high health. [demonic ancestry]
 53299 | Vaults:1 | Reached XP level 24. HP: 194/194 MP: 46/46
 53718 | Vaults:2 | Found Qaga's Weapon Shop.
 54357 | Vaults:5 | Reached skill level 5 in Stealth
 55163 | Vaults:5 | Got the Secrets of Maleficia and Skeletons
 55276 | Vaults:5 | Learned a level 8 spell: Borgnjor's Revivification
 55674 | Snake:3  | Bought a manual of Necromancy for 1200 gold pieces
 55923 | Orc:2    | Bought a potion of mutation for 128 gold pieces
 56126 | Crypt:1  | Entered Level 1 of the Crypt
 56158 | Crypt:1  | Reached skill level 1 in Necromancy
 56184 | Crypt:1  | Found a huge runed translucent gate.
 56184 | Crypt:1  | Found a huge runed translucent gate.
 56184 | Crypt:1  | Found a huge runed translucent gate.
 56184 | Crypt:1  | Found a huge runed translucent gate.
 56184 | Crypt:1  | Found a huge runed translucent gate.
 56184 | Crypt:1  | Found a huge runed translucent gate.
 56184 | Crypt:1  | Found a huge runed translucent gate.
 56184 | Crypt:1  | Found a huge runed translucent gate.
 56185 | Crypt:1  | Found a huge runed translucent gate.
 56185 | Crypt:1  | Found a huge runed translucent gate.
 56185 | Crypt:1  | Found a huge runed translucent gate.
 56186 | Crypt:1  | Found a huge runed translucent gate.
 56186 | Crypt:1  | Found a huge runed translucent gate.
 56186 | Crypt:1  | Found a huge runed translucent gate.
 56189 | Crypt:1  | Found a huge runed translucent gate.
 56190 | Crypt:1  | Found a huge runed translucent gate.
 56190 | Crypt:1  | Found a huge runed translucent gate.
 56190 | Crypt:1  | Found a huge runed translucent gate.
 56192 | Crypt:1  | Found a huge runed translucent gate.
 56194 | Crypt:1  | Found a huge runed translucent gate.
 56195 | Crypt:1  | Found a huge runed translucent gate.
 56195 | Crypt:1  | Found a huge runed translucent gate.
 56199 | Crypt:1  | Found a huge runed translucent gate.
 56200 | Crypt:1  | Found a huge runed translucent gate.
 56201 | Crypt:1  | Found a huge runed translucent gate.
 56201 | Crypt:1  | Found a huge runed translucent gate.
 56204 | Crypt:1  | Found a huge runed translucent gate.
 56205 | Crypt:1  | Found a huge runed translucent gate.
 56311 | Crypt:1  | Found a huge runed translucent gate.
 56311 | Crypt:1  | Found a huge runed translucent gate.
 56311 | Crypt:1  | Found a huge runed translucent gate.
 56311 | Crypt:1  | Found a huge runed translucent gate.
 56312 | Crypt:1  | Found a huge runed translucent gate.
 56316 | Crypt:1  | Found a huge runed translucent gate.
 56317 | Crypt:1  | Found a huge runed translucent gate.
 56317 | Crypt:1  | Found a huge runed translucent gate.
 56439 | Crypt:2  | Noticed Mennas
 56440 | Crypt:2  | Noticed Vv
 56441 | Crypt:2  | Killed Mennas
 56445 | Crypt:2  | Killed Vv
 56468 | Crypt:2  | Reached skill level 5 in Necromancy
 56536 | Crypt:3  | Entered Level 3 of the Crypt
 56579 | Crypt:3  | Found a shimmering altar of Xom.
 56601 | Crypt:3  | Found the +9 sword of Zonguldrok {reap}
 56609 | Crypt:3  | Got an ivory gem with 1317 turns to spare
 56962 | Crypt:3  | Identified the +5 scale mail of Cucraoju {Harm Fly}
 57173 | Crypt:3  | Identified the +0 robe "Orizxirgh" {rC+ rN+}
 57278 | Crypt:3  | Found a staircase to the Tomb.
 58053 | Crypt:2  | Noticed Donald
 58054 | Crypt:2  | Killed Donald
 58066 | Crypt:2  | Reached skill level 10 in Necromancy
 58231 | Crypt:2  | Found a basalt altar of Yredelemnul.
 58808 | Crypt:1  | Reached XP level 25. HP: 150/201 MP: 40/47
 59252 | Slime:1  | Entered Level 1 of the Pits of Slime
 59264 | Slime:3  | You fall into a shaft and drop 1 floor!
 59267 | Slime:5  | Entered Level 5 of the Pits of Slime
 59474 | Slime:5  | Found a viscous altar of Jiyva.
 59482 | Slime:5  | Found the +5 moon troll leather armour {Spirit, Regen++
                  | MP+5}
 59516 | Slime:5  | Noticed the Royal Jelly
 59518 | Slime:5  | Killed the Royal Jelly
 59554 | Slime:5  | Found the +5 robe of Night {Dark Will+ SInv}
 59560 | Slime:5  | Got a starry gem with 294 turns to spare
 59599 | Slime:5  | Identified the ring of Wecetek {rF+ rC+ rCorr MP+9 Str+2}
 59617 | Slime:5  | Got a slimy rune of Zot
 59618 | Slime:5  | Identified the staff of Wyrd {rPois rC+ Will+++ MP+9 Dex-5
                  | Ice}
 59654 | Slime:5  | Identified the +5 dagger "Zevibla" {speed, rElec rN+ rCorr}
 59682 | Slime:5  | Identified the +3 quarterstaff of Cheese {speed, rF+ SInv}
 60518 | D:12     | You paid a toll of +2 ice dragon scales to enter a treasure
                  | trove
 60519 | Trove    | Entered a treasure trove
 60524 | Trove    | Found the +7 Kryia's mail coat {PotionHeal*2 rC+}
 60524 | Trove    | Found the +3 warlock's mirror {omnireflect}
 60529 | Trove    | Identified the amulet "Xitef" {RegenMP rN+ rCorr Dex-3}
 60532 | Trove    | Identified the ring "Yxout" {Wiz Dex+3}
 60550 | Trove    | Identified the +0 ring mail of Jengelakerr {rElec}
 60758 | Hell     | Entered the Vestibule of Hell
 60758 | Hell     | Noticed Geryon
 60768 | Depths:1 | Reached skill level 1 in Armour
 60937 | Hell     | Reached skill level 10 in Stealth
 60937 | Hell     | Killed Geryon
 61004 | Hell     | Noticed Murray
 61011 | Depths:1 | Killed Murray
 61082 | Depths:1 | Reached skill level 15 in Necromancy
 61279 | Hell     | Found a gateway to the Iron City of Dis.
 61338 | Hell     | Found a gateway to the ashen valley of Gehenna.
 61386 | Hell     | Found a gateway to the decaying netherworld of Tartarus.
 61512 | Hell     | Found a gateway to the freezing wastes of Cocytus.
 61640 | Coc:1    | Entered Level 1 of Cocytus
 61781 | Coc:2    | Paralysed by a wendigo for 1 turns
 61783 | Coc:2    | Reached XP level 26. HP: 172/200 MP: 45/47
 61934 | Coc:4    | Reached skill level 15 in Fighting
 62269 | Coc:7    | Entered Level 7 of Cocytus
 62565 | Coc:7    | Gained mutation: Your magical and physical power is greatly
                  | enhanced at high health. [demonic ancestry]
 62565 | Coc:7    | Reached XP level 27. HP: 210/228 MP: 41/48
 62594 | Coc:7    | Learned a level 9 spell: Death's Door
 62791 | Coc:7    | Identified the +2 pearl dragon scales "Vonov" {rC- rN+
                  | Dex+8 Stlth+}
 63020 | Coc:7    | Noticed an ancient lich
 63026 | Coc:7    | Killed an ancient lich
 63027 | Coc:7    | Reached skill level 10 in Shields
 63181 | Coc:7    | Identified the +6 great sword of Golden Responsibility
                  | {freeze, Str+2 Dex+3}
 63181 | Coc:7    | Identified the ring "Qusehovo" {rF- rC+++ rCorr Str+3
                  | Int-2}
 63181 | Coc:7    | Noticed Antaeus
 63188 | Coc:7    | Killed Antaeus
 63228 | Coc:7    | Found the ring of the Octopus King
 63243 | Coc:7    | Got an icy rune of Zot
 63250 | Coc:7    | Identified the staff of the Arena {rC+ Dex+3 Earth}
 63251 | Coc:7    | Identified a ring of the Octopus King {rCorr HP+2 AC+2 EV+2
                  | SH+2}
 63265 | Coc:7    | Identified the +7 shortbow of Anger {heavy, *Slow Str+5
                  | Int-2 Stlth+}
 63654 | Tar:1    | Entered Level 1 of Tartarus
 64225 | Tar:7    | Entered Level 7 of Tartarus
 64380 | Tar:7    | Identified the +2 great sword "Demonspawn's Curse" {holy,
                  | Int+5}
 64418 | Tar:7    | Noticed an ancient lich
 64419 | Tar:7    | Noticed a dread lich
 64420 | Tar:7    | Killed an ancient lich
 64421 | Tar:7    | Killed a dread lich
 64691 | Tar:7    | Noticed an ancient lich
 64693 | Tar:7    | Killed an ancient lich
 64725 | Tar:7    | Gained mutation: Your magical capacity is low. (-10% MP)
                  | [mutagenic glow]
 65196 | Tar:7    | Noticed an ancient lich
 65197 | Tar:7    | Killed an ancient lich
 65258 | Tar:7    | Noticed Ereshkigal
 65265 | Tar:7    | Killed Ereshkigal
 65423 | Tar:7    | Got a bone rune of Zot
 65497 | Tar:7    | Identified the +3 leather armour "Fesuap" {rC- rN+ Str+4}
 65500 | Tar:7    | Identified the +9 short sword of the Unseen Realm {freeze,
                  | *Corrode rElec rN+++ Int+3}
 65532 | Tar:7    | Identified the +4 flail of Etopuch {freeze, Will+ Str+3}
 65662 | Tar:7    | Got the Vademecum on the Volley and Summoning
 65665 | Tar:7    | Identified the +3 halberd "Geag" {antimagic, rElec rF+
                  | Dex-5}
 65670 | Tar:7    | Identified the +8 flail "Rariw" {heavy, rN+ Int+2}
 65732 | Hell     | Learned a level 8 spell: Maxwell's Capacitive Coupling
 65777 | Dis:1    | Entered Level 1 of the Iron City of Dis
 65835 | Dis:1    | Reached skill level 10 in Air Magic
 65894 | Dis:1    | Lost mutation: You are somewhat resistant to further
                  | mutation. [potion of mutation]
 65894 | Dis:1    | Lost mutation: Your natural rate of healing is unusually
                  | fast. [potion of mutation]
 65894 | Dis:1    | Lost mutation: Your magical capacity is low. (-10% MP)
                  | [potion of mutation]
 65894 | Dis:1    | Gained mutation: You possess an exceptional clarity of
                  | mind. [potion of mutation]
 65894 | Dis:1    | Gained mutation: You do not regenerate when monsters are
                  | visible. [potion of mutation]
 65895 | Dis:1    | Lost mutation: You possess an exceptional clarity of mind.
                  | [potion of mutation]
 65895 | Dis:1    | Lost mutation: You do not regenerate when monsters are
                  | visible. [potion of mutation]
 65895 | Dis:1    | Gained mutation: You have sharp toenails. [potion of
                  | mutation]
 65895 | Dis:1    | Gained mutation: Your muscles are strong. (Str +4, Int/Dex
                  | -1) [potion of mutation]
 66073 | Dis:3    | You fall into a shaft and drop 2 floors!
 66593 | Dis:4    | Noticed an ancient lich
 66595 | Dis:4    | Killed an ancient lich
 67331 | Dis:7    | Entered Level 7 of the Iron City of Dis
 67457 | Pan      | Entered Pandemonium
 67691 | Pan      | Entered the realm of Mnoleg.
 68305 | Pan      | Noticed Mnoleg
 68309 | Pan      | Killed Mnoleg
 68341 | Pan      | Got a glowing rune of Zot
 68601 | Pan      | Found an exit through the horrors of the Abyss.
 68699 | Pan      | Noticed Weucimau the pandemonium lord
 68703 | Pan      | Killed Weucimau the pandemonium lord
 68848 | Pan      | Noticed Jutrodd the pandemonium lord
 68851 | Pan      | Killed Jutrodd the pandemonium lord
 68941 | Pan      | Entered the realm of Cerebov.
 68988 | Pan      | Reached skill level 1 in Earth Magic
 69127 | Pan      | Found the +6 sword of Cerebov {flame}
 69127 | Pan      | Noticed Cerebov
 69136 | Pan      | Killed Cerebov
 69166 | Pan      | Identified the +7 dagger of Vanity {antimagic, +Blink rC+
                  | Dex+3 Stlth-}
 69250 | Pan      | Identified the +7 quarterstaff of the Doomed Warrior {holy,
                  | rN+}
 69261 | Pan      | Identified the +8 sling of Bread {drain, ^Fragile Str+4
                  | SInv Stlth+}
 69287 | Pan      | Got a fiery rune of Zot
 69405 | Pan      | Identified the +8 demon trident "Wome" {venom, rPois rF+
                  | Str+2}
 69433 | Pan      | Identified the +1 lajatang of Elud {drain, rElec}
 69440 | Pan      | Identified the +6 halberd of Etinisad {pain, rN+++ MP+9}
 69441 | Pan      | Identified the +3 battleaxe "Leviticus" {vamp, Int+4}
 69612 | Pan      | Reached skill level 15 in Shields
 70098 | Pan      | Reached skill level 5 in Earth Magic
 70166 | Pan      | Killed Qeogexon the pandemonium lord
 70340 | Depths:2 | Escaped Pandemonium
 70342 | Pan      | Entered Pandemonium
 70378 | Pan      | Noticed Veqeleit the pandemonium lord
 70382 | Pan      | Killed Veqeleit the pandemonium lord
 70659 | Pan      | Noticed Irou the pandemonium lord
 70663 | Pan      | Killed Irou the pandemonium lord
 71042 | Pan      | Noticed Luod the pandemonium lord
 71044 | Pan      | Killed Luod the pandemonium lord
 71287 | Pan      | Found an exit through the horrors of the Abyss.
 71492 | Pan      | Noticed Inetionu the pandemonium lord
 71493 | Pan      | Killed Inetionu the pandemonium lord
 71508 | Pan      | Identified the +9 plate armour of Vagomi {Dex+3}
 71536 | Pan      | Got a demonic rune of Zot
 71574 | Pan      | Reached skill level 10 in Earth Magic
 71729 | Pan      | Noticed Jiromuem the pandemonium lord
 71732 | Pan      | Killed Jiromuem the pandemonium lord
 72173 | Pan      | Noticed Lesoump the pandemonium lord
 72175 | Pan      | Killed Lesoump the pandemonium lord
 72364 | Pan      | Noticed Ignacio
 72368 | Pan      | Killed Ignacio
 72535 | Pan      | Noticed Jenuatiu the pandemonium lord
 72538 | Pan      | Killed Jenuatiu the pandemonium lord
 72763 | Pan      | Entered the realm of Lom Lobon.
 72763 | Pan      | Found an exit through the horrors of the Abyss.
 73410 | Pan      | Noticed Lom Lobon
 73415 | Pan      | Killed Lom Lobon
 73457 | Pan      | Got a magical rune of Zot
 73572 | Pan      | Entered the realm of Gloorx Vloq.
 73577 | Pan      | Gained mutation: You are clumsy. (Dex -2) [mutagenic glow]
 73863 | Pan      | Reached skill level 15 in Earth Magic
 73894 | Pan      | Noticed Gloorx Vloq
 73897 | Pan      | Killed Gloorx Vloq
 73940 | Pan      | Got a dark rune of Zot
 74186 | Pan      | Noticed Reroced the pandemonium lord
 74189 | Pan      | Killed Reroced the pandemonium lord
 74598 | Pan      | Found an exit through the horrors of the Abyss.
 74612 | Pan      | Took an exit into the Abyss.
 74612 | Abyss:1  | Escaped into the Abyss
 74776 | Abyss:2  | Found an ancient bone altar of Kikubaaqudgha.
 75130 | Abyss:3  | Found a corrupted altar of Lugonu.
 75160 | Abyss:3  | Found a corrupted altar of Lugonu.
 75175 | Abyss:3  | Learned a level 9 spell: Shatter
 75366 | Abyss:4  | Found a corrupted altar of Lugonu.
 75764 | Abyss:4  | Noticed a dread lich
 75765 | Abyss:4  | Killed a dread lich
 75865 | Abyss:5  | Found a corrupted altar of Lugonu.
 75869 | Abyss:5  | Found a corrupted altar of Lugonu.
 75878 | Abyss:5  | Got an abyssal rune of Zot
 75886 | Depths:2 | Escaped the Abyss
 75898 | Depths:2 | Learned a level 9 spell: Chain Lightning
 75906 | Depths:2 | Learned a level 6 spell: Dispersal
 76144 | Dis:7    | Reached skill level 1 in Translocations
 76282 | Dis:7    | Identified the +7 glaive "Poef Ruu" {holy, rC+}
 76313 | Dis:7    | Noticed a juggernaut
 76315 | Dis:7    | Killed a juggernaut
 76420 | Dis:7    | Noticed a juggernaut
 76424 | Dis:7    | Killed a juggernaut
 76456 | Dis:7    | Noticed the Serpent of Hell
 76461 | Dis:7    | Killed the Serpent of Hell
 76536 | Dis:7    | Reached skill level 15 in Air Magic
 76593 | Dis:7    | Noticed a juggernaut
 76596 | Dis:7    | Killed a juggernaut
 76764 | Dis:7    | Reached skill level 27 in Spellcasting
 76942 | Dis:7    | Identified the +2 trident "Killer Klown's Bane" {heavy,
                  | rF+}
 77067 | Dis:7    | Found the +10 zealot's sword {holy, Zealotry, *Rage rN+
                  | EV+3}
 77077 | Dis:7    | Got an iron rune of Zot
 77096 | Dis:7    | Reached skill level 5 in Translocations
 77104 | Dis:7    | Identified the ring of Goozoraz {+Blink rC+ rCorr}
 77104 | Dis:7    | Noticed Dispater
 77109 | Dis:7    | Killed Dispater
 77137 | Dis:7    | Identified the +0 ring mail of True Grit {Regen+}
 77676 | Geh:1    | Entered Level 1 of Gehenna
 77756 | Geh:1    | Noticed a dread lich
 77757 | Geh:1    | Killed a dread lich
 79558 | Geh:7    | Entered Level 7 of Gehenna
 80716 | Geh:7    | Found the +13 sceptre of Asmodeus
 80716 | Geh:7    | Noticed Asmodeus
 80719 | Geh:7    | Killed Asmodeus
 80720 | Geh:7    | Reached skill level 27 in Conjurations
 80834 | Geh:7    | Got an obsidian rune of Zot
 81175 | Geh:7    | Identified the +0 cloak of Muttered Phrases {+Blink Fly
                  | rN++}
 81188 | Geh:7    | Identified the amulet "Gyesa" {Spirit Dex+3}
 81197 | Geh:7    | Identified the amulet of Juverr {Reflect rElec SH+5}
 81636 | Tomb:1   | Entered Level 1 of the Tomb of the Ancients
 81674 | Tomb:1   | Noticed a royal mummy
 81675 | Tomb:1   | Noticed a royal mummy
 81675 | Tomb:1   | Noticed a royal mummy
 81675 | Tomb:1   | Noticed a royal mummy
 81675 | Tomb:1   | Noticed a royal mummy
 81676 | Tomb:1   | Noticed a royal mummy
 81677 | Tomb:1   | Killed a royal mummy
 81677 | Tomb:1   | Killed a royal mummy
 81677 | Tomb:1   | Killed a royal mummy
 81677 | Tomb:1   | Killed a royal mummy
 81677 | Tomb:1   | Killed a royal mummy
 81677 | Tomb:1   | Noticed a royal mummy
 81677 | Tomb:1   | Noticed a royal mummy
 81678 | Tomb:1   | Killed a royal mummy
 81679 | Tomb:1   | Killed a royal mummy
 81681 | Tomb:1   | Noticed a royal mummy
 81682 | Tomb:1   | Killed a royal mummy
 81683 | Tomb:1   | Noticed a royal mummy
 81685 | Tomb:1   | Killed a royal mummy
 81685 | Tomb:1   | Noticed a royal mummy
 81685 | Tomb:1   | Noticed a royal mummy
 81686 | Tomb:1   | Noticed a royal mummy
 81687 | Tomb:1   | Killed a royal mummy
 81688 | Tomb:1   | Killed a royal mummy
 81688 | Tomb:1   | Killed a royal mummy
 81689 | Tomb:1   | Killed a royal mummy
 81710 | Tomb:1   | Noticed a royal mummy
 81710 | Tomb:1   | Noticed a royal mummy
 81713 | Tomb:1   | Killed a royal mummy
 81714 | Tomb:1   | Killed a royal mummy
 81869 | Tomb:3   | Entered Level 3 of the Tomb of the Ancients
 81903 | Tomb:3   | Noticed Khufu
 81905 | Tomb:3   | Killed Khufu
 81909 | Tomb:3   | Noticed a royal mummy
 81909 | Tomb:3   | Noticed a royal mummy
 81911 | Tomb:3   | Killed a royal mummy
 81912 | Tomb:3   | Killed a royal mummy
 81917 | Tomb:3   | Noticed a royal mummy
 81918 | Tomb:3   | Noticed a royal mummy
 81919 | Tomb:3   | Killed a royal mummy
 81921 | Tomb:3   | Killed a royal mummy
 81925 | Tomb:3   | Noticed a royal mummy
 81927 | Tomb:3   | Killed a royal mummy
 81931 | Tomb:3   | Noticed a royal mummy
 81932 | Tomb:3   | Killed a royal mummy
 81939 | Tomb:3   | Noticed a royal mummy
 81941 | Tomb:3   | Killed a royal mummy
 81944 | Tomb:3   | Got a sanguine gem with 1461 turns to spare
 82058 | Tomb:3   | Noticed a royal mummy
 82059 | Tomb:3   | Killed a royal mummy
 82122 | Tomb:3   | Got a golden rune of Zot
 82173 | Tomb:3   | Identified the ring of Puago {*Slow +Blink rCorr AC+4}
 82399 | Tomb:3   | Identified the +7 chain mail of Jigsaw {+Blink rF+ Str-3
                  | Slay+3}
 82401 | Tomb:3   | Identified the +6 leather armour of Summertime {Rampage
                  | Int+9 Stlth-}
 82434 | Tomb:3   | Identified the +8 long sword "Siveon" {pain, rF+}
 82435 | Tomb:3   | Identified the +8 rapier of Amayryly {flame, rPois rF-
                  | Str+5 Stlth+}
 82436 | Tomb:3   | Identified the +8 shortbow "Xunguus" {flame, rPois rCorr
                  | SInv}
 82629 | Tomb:1   | Noticed a royal mummy
 82631 | Tomb:1   | Killed a royal mummy
 82632 | Tomb:1   | Noticed a royal mummy
 82634 | Tomb:1   | Killed a royal mummy
 83639 | Zig:1    | Entered Level 1 of a ziggurat
 83658 | Zig:2    | Entered Level 2 of a ziggurat
 83685 | Zig:3    | Entered Level 3 of a ziggurat
 83695 | Zig:3    | Identified the ring "Tayc" {Fire rCorr Int+3 Dex-2}
 83704 | Zig:4    | Entered Level 4 of a ziggurat
 83739 | Zig:5    | Entered Level 5 of a ziggurat
 83759 | Zig:5    | Identified the amulet "Qets" {RegenMP -Tele rPois rC+
                  | Dex+3}
 83762 | Zig:6    | Entered Level 6 of a ziggurat
 83768 | Zig:6    | Noticed Ottos the pandemonium lord
 83772 | Zig:6    | Killed Ottos the pandemonium lord
 83796 | Zig:6    | Identified the ring of Vekh {Fly Will+}
 83797 | Zig:6    | Identified the +6 orcbow "Narolekk" {flame, Str+3 SInv}
 83804 | Zig:6    | Identified the +0 ring mail of the Nexus {rN+ Str+4 Slay-5}
 83805 | Zig:6    | Identified the +6 plate armour of Xom's Condemnation
                  | {Slay+2}
 83815 | Zig:7    | Entered Level 7 of a ziggurat
 83821 | Zig:7    | Noticed an ancient lich
 83822 | Zig:7    | Noticed an ancient lich
 83822 | Zig:7    | Killed an ancient lich
 83822 | Zig:7    | Killed an ancient lich
 83852 | Zig:7    | Identified the staff of Gink {Str+3 SInv Conj}
 83863 | Zig:8    | Entered Level 8 of a ziggurat
 83893 | Zig:8    | Identified the +3 trident of Destruction {heavy, rPois}
 83894 | Zig:8    | Identified the +1 glaive of the Eternal Void {freeze, Fly
                  | Str+3 Int+3}
 83902 | Zig:8    | Got the Elucidation of Exhumation and Lightning
 83926 | Zig:9    | Entered Level 9 of a ziggurat
 83960 | Zig:9    | Identified the +3 longbow "Wega Cau" {freeze, Str+2 Dex+4}
 83969 | Zig:9    | Identified the staff of the Dead {^Drain rPois rC+ Dex+6
                  | Ice}
 83999 | Zig:10   | Entered Level 10 of a ziggurat
 84011 | Zig:10   | Reached skill level 15 in Stealth
 84025 | Zig:10   | Found the +7 sceptre of Torment {pain, torment}
 84038 | Zig:10   | Identified the +9 falchion "Feubriox" {venom, rElec rPois}
 84040 | Zig:10   | Identified the +7 dagger of Distant Shores {spect, *Noise
                  | rCorr Int+3}
 84043 | Zig:10   | Identified the +4 morningstar of Ere Ihur {elec, Will+}
 84069 | Zig:11   | Entered Level 11 of a ziggurat
 84105 | Zig:11   | Identified the +10 arbalest "Horam" {freeze, Str+5}
 84106 | Zig:11   | Identified the staff of Somewhere Else {rF+ rC+ rCorr Str-4
                  | Conj Ice}
 84160 | Zig:12   | Entered Level 12 of a ziggurat
 84192 | Zig:12   | Identified the +5 great sword "Enuote" {protect, rCorr
                  | Str+3}
 84197 | Zig:12   | Identified the +1 war axe "Cezushre" {protect, rC+ Will+
                  | Str+3}
 84206 | Zig:12   | Identified the +0 chain mail "Nyecuaz" {rElec rN+ Int+4}
 84214 | Zig:12   | Identified the +5 lajatang "Ros Zede" {heavy, Int+4}
 84232 | Zig:13   | Entered Level 13 of a ziggurat
 84244 | Zig:13   | Noticed a dread lich
 84245 | Zig:13   | Noticed an ancient lich
 84246 | Zig:13   | Killed an ancient lich
 84247 | Zig:13   | Killed a dread lich
 84286 | Zig:13   | Got the Elucidation of Frostbite and Support
 84287 | Zig:13   | Identified the ring "Feumuik" {rElec rPois Str+3}
 84294 | Zig:13   | Identified the +5 dagger "Vuamnadu" {heavy, rC+ SInv}
 84300 | Zig:13   | Identified the +3 ring mail of the Echidna {rF- rN+++ Int-5
                  | Dex+4}
 84329 | Zig:14   | Entered Level 14 of a ziggurat
 84350 | Zig:14   | Found the +15 Maxwell's patent armour {-Cast -Tele rElec
                  | Will+ rCorr}
 84361 | Zig:14   | Identified the +1 shadow dragon scales "Dobroagy" {rElec
                  | rC+ rCorr Int+3 Stlth++++}
 84377 | Zig:14   | Identified the staff of the Undead {*Slow rPois Dex+6
                  | Earth}
 84412 | Zig:15   | Entered Level 15 of a ziggurat
 84438 | Zig:15   | Found the +2 hat of the Bear Spirit {Spirit, Bear, *Rage
                  | Will++}
 84481 | Zig:15   | Identified the ring "Egedghab" {rN+ Will+ Stlth+}
 84486 | Zig:15   | Identified the amulet of the Komtur {Reflect Rampage rC+
                  | Dex-3 Slay+2 SH+5}
 84487 | Zig:15   | Identified the +1 scale mail of Morality {rF- Slay+4 SInv
                  | Stlth+}
 84488 | Zig:15   | Identified the +5 rapier "Koneck" {pain, rC+++ MP+9 Int-5}
 84539 | Zig:16   | Entered Level 16 of a ziggurat
 84553 | Zig:16   | Reached skill level 15 in Evocations
 84598 | Zig:16   | Identified the ring "Sabegadobe" {Wiz ^Drain rElec Int+6
                  | Dex-4}
 84602 | Zig:16   | Identified the +4 plate armour "Ifuicwuz" {-Tele rElec rN++
                  | SInv}
 84607 | Zig:16   | Identified the ring "Jilekoh" {rF+ Int+6}
 84654 | Zig:17   | Entered Level 17 of a ziggurat
 84705 | Zig:17   | Identified the +1 pair of boots of Lunaulin {Rampage rN+}
 84718 | Zig:17   | Reached skill level 15 in Dodging
 84720 | Zig:17   | Identified the dragon-blood talisman of the Everdark {rElec
                  | rC+ Will+}
 84722 | Zig:17   | Identified the +7 quarterstaff "Caanload" {flame, *Rage
                  | rElec Str+3 Int+2}
 84725 | Zig:17   | Identified the +3 mace of Victory {flame, rN++}
 84780 | Zig:18   | Entered Level 18 of a ziggurat
 84798 | Zig:18   | Found the +3 hat of Pondering {ponderous, Will+ MP+10
                  | Int+5}
 84801 | Zig:18   | Found the +8 Vampire's Tooth {megavamp}
 84812 | Zig:18   | Identified the +8 plate armour of Golden Birdsong {Str+3
                  | Dex+4}
 84813 | Zig:18   | Identified the +9 executioner's axe of Reason {drain, rElec
                  | rC+ rN+}
 84835 | Zig:18   | Identified the +2 orcbow of Seyth {antimagic, rC+ rCorr
                  | Int+3 Stlth+}
 84838 | Zig:18   | Identified the +10 quarterstaff of Kismet {protect, rCorr
                  | Dex+8 Stlth-}
 84846 | Zig:18   | Got the Information on Talus
 84892 | Zig:19   | Entered Level 19 of a ziggurat
 84911 | Zig:19   | Reached skill level 5 in Armour
 84921 | Zig:19   | Found the +10 dark maul {heavy}
 84949 | Zig:19   | Identified the amulet of Vifykkot {Reflect Str+2 Int+3
                  | SH+5}
 84965 | Zig:19   | Identified the amulet of Seuluod {Acrobat Dex+3}
 84969 | Zig:19   | Identified the +3 whip of Valour {venom, *Corrode Str+4
                  | Dex+7}
 84970 | Zig:19   | Identified the ring of Springtime {rPois rF- rC+ Int+4}
 84983 | Zig:19   | Identified the +5 hand axe "Fecahex" {speed, Str+8}
 84985 | Zig:19   | Identified the amulet "Laleusch" {Faith *Corrode Int+4
                  | SInv}
 85033 | Zig:20   | Entered Level 20 of a ziggurat
 85134 | Zig:20   | Identified the +2 rapier of Zorghesk {freeze, *Corrode
                  | Str+4 Int+2 Stlth+}
 85187 | Zig:20   | Lost mutation: You are clumsy. (Dex -2) [potion of
                  | mutation]
 85187 | Zig:20   | Lost mutation: You have sharp toenails. [potion of
                  | mutation]
 85187 | Zig:20   | Gained mutation: You have hidden genetic potential. [potion
                  | of mutation]
 85189 | Zig:21   | Entered Level 21 of a ziggurat
 85218 | Zig:21   | Noticed a royal mummy
 85224 | Zig:21   | Killed a royal mummy
 85230 | Zig:21   | Noticed a royal mummy
 85232 | Zig:21   | Killed a royal mummy
 85244 | Zig:21   | Noticed a royal mummy
 85247 | Zig:21   | Noticed a royal mummy
 85248 | Zig:21   | Killed a royal mummy
 85248 | Zig:21   | Killed a royal mummy
 85249 | Zig:21   | Killed a royal mummy
 85253 | Zig:21   | Noticed a royal mummy
 85253 | Zig:21   | Noticed a royal mummy
 85254 | Zig:21   | Killed a royal mummy
 85254 | Zig:21   | Noticed a royal mummy
 85255 | Zig:21   | Killed a royal mummy
 85255 | Zig:21   | Killed a royal mummy
 85255 | Zig:21   | Noticed a royal mummy
 85261 | Zig:21   | Killed a royal mummy
 85354 | Zig:21   | Identified the +0 plate armour "Zouchauz" {-Tele rC+ Will+
                  | rCorr Int+2}
 85359 | Zig:21   | Identified the +1 hand axe of Rasex {freeze, rC+}
 85374 | Zig:21   | Identified the +1 great sword "Kiuju" {flame, rPois Int-4
                  | Dex+3}
 85421 | Zig:22   | Entered Level 22 of a ziggurat
 85474 | Zig:22   | Found the +3 pair of seven-league boots {Rampage+∞}
 85489 | Zig:22   | Identified the +1 cloak of the Forest {rPois Str+3 Int+2}
 85496 | Zig:22   | Identified the +2 triple sword of Foul Odours {holy, rElec
                  | Str-4 Int+3}
 85520 | Zig:22   | Identified the +0 pair of boots of Watchfulness {rElec rF-
                  | MP+9}
 85600 | Zig:23   | Entered Level 23 of a ziggurat
 85619 | Zig:23   | Noticed a dread lich
 85620 | Zig:23   | Killed a dread lich
 85818 | Zig:23   | Identified the +1 quarterstaff "Maymaunu" {drain, rElec
                  | rCorr}
 85822 | Zig:23   | Identified the +4 whip of Thieving Evisceration {venom,
                  | Int+4 Stlth-}
 85884 | Zig:24   | Entered Level 24 of a ziggurat
 85908 | Zig:24   | Noticed an ancient lich
 85908 | Zig:24   | Gained mutation: Your flesh is heat resistant. (rF+)
                  | [hidden potential]
 85910 | Zig:24   | Killed an ancient lich
 85929 | Zig:24   | Found the +10 morningstar "Eos" {elec, Halo rElec}
 85930 | Zig:24   | Found the +1 robe of Vines {NoPotionHeal Regen++++}
 85931 | Zig:24   | Found the amulet of the Four Winds {rN+ Will+++ Clar}
 86053 | Zig:25   | Entered Level 25 of a ziggurat
 86142 | Zig:25   | Identified the staff of Kib Adid {rPois rN+ Necro}
 86144 | Zig:25   | Identified the -1 pair of gloves of Protective Custody {rC-
                  | Str+5 SInv}
 86150 | Zig:25   | Identified the ring "Unisteh" {Str+5 Int+6}
 86154 | Zig:25   | Identified the +5 war axe of Debt {drain, Int+2}
 86156 | Zig:25   | Identified the +10 dagger of the Tired Mouths {freeze, rF+
                  | Str+3}
 86159 | Zig:25   | Identified the +0 robe of the Thirteen Xeniums {^Drain
                  | rCorr Str+3 Dex+3}
 86160 | Zig:25   | Identified the +7 chain mail "Zaxeleot" {Str+5}
 86162 | Zig:25   | Identified the staff "Gifauwn" {^Drain rPois Str-2 Ice
                  | Earth}
 86254 | Zig:26   | Entered Level 26 of a ziggurat
 86452 | Zig:27   | Entered Level 27 of a ziggurat
 86480 | Zig:27   | Gained mutation: Your system is resistant to poisons.
                  | (rPois) [hidden potential]
 86480 | Zig:27   | Lost mutation: You have hidden genetic potential. [hidden
                  | potential expressed]
 86496 | Zig:27   | Found the brooch of Shielding {Spirit SH+8}
 86497 | Zig:27   | Found the +9 scales of the Dragon King {rPois rF+ rC+
                  | Will+}
 86519 | Zig:27   | Identified the staff of the Hummingbird {^Drain rElec rC+
                  | Conj Air}
 86520 | Zig:27   | Identified the +1 broad axe of the Unseen Realm {freeze,
                  | Fly rPois Int+5}
 86537 | Zig:27   | Identified the +8 flail "Emop" {venom, Stlth+}
 86650 | Zig:1    | Entered Level 1 of a ziggurat
 86674 | Zig:2    | Entered Level 2 of a ziggurat
 86696 | Zig:3    | Entered Level 3 of a ziggurat
 86714 | Zig:4    | Entered Level 4 of a ziggurat
 86741 | Zig:5    | Entered Level 5 of a ziggurat
 86759 | Zig:5    | Identified the +7 falchion "Wacros" {heavy, rN+ Str+5 Int-4
                  | Dex+3}
 86760 | Zig:5    | Identified the +5 spear "Yppatur" {flame, SInv}
 86761 | Zig:5    | Identified the +0 broad axe of Kyexur {freeze, ^Drain Fly
                  | rElec}
 86769 | Zig:6    | Entered Level 6 of a ziggurat
 86774 | Zig:6    | Found the ring of the Tortoise {AC+8}
 86784 | Zig:6    | Identified the +5 war axe of the Shore {holy, ^Fragile
                  | Int+5}
 86794 | Zig:7    | Entered Level 7 of a ziggurat
 86809 | Zig:7    | Identified the +9 whip "Concordance" {pain, rPois rC+ Will-
                  | Int+4}
 86822 | Zig:7    | Identified the ring "Ymycs" {Fly rF- rN+ rCorr Stlth+}
 86833 | Zig:8    | Entered Level 8 of a ziggurat
 86857 | Zig:8    | Identified the +0 plate armour of the Arena {Rampage rN+
                  | rCorr}
 86884 | Zig:9    | Entered Level 9 of a ziggurat
 86905 | Zig:9    | Identified the +10 glaive of Toajyod {elec, Will+}
 86908 | Zig:9    | Identified the ring "Plog" {rPois Str+3}
 86913 | Zig:9    | Identified the amulet of Ymatid {Reflect +Inv rF+ SH+5}
 86940 | Zig:10   | Entered Level 10 of a ziggurat
 87019 | Zig:11   | Entered Level 11 of a ziggurat
 87028 | Zig:11   | Noticed an ancient lich
 87030 | Zig:11   | Killed an ancient lich
 87083 | Zig:11   | Identified the +1 short sword of the Whelk {venom, rC-
                  | Str+7 SInv}
 87126 | Zig:12   | Entered Level 12 of a ziggurat
 87156 | Zig:12   | Identified the +1 leather armour of Menyets {Regen+}
 87176 | Zig:12   | Identified the +1 shortbow of Zikhlono {heavy, rF+ MP+9
                  | SInv Stlth+}
 87177 | Zig:12   | Identified the +0 pair of gloves "Gouphy" {rElec Str+4
                  | Int+3}
 87234 | Zig:13   | Entered Level 13 of a ziggurat
 87256 | Zig:13   | Noticed an ancient lich
 87257 | Zig:13   | Killed an ancient lich
 87258 | Zig:13   | Reached skill level 27 in Fighting
 87258 | Zig:13   | Noticed an ancient lich
 87259 | Zig:13   | Killed an ancient lich
 87290 | Zig:13   | Identified the ring "Qaq Tek" {+Blink MP+9}
 87334 | Zig:14   | Entered Level 14 of a ziggurat
 87362 | Zig:14   | Identified the +2 quarterstaff of Raine {flame, rC+ rCorr
                  | Str-4 Stlth+}
 87367 | Zig:14   | Identified the +3 scale mail of Beogh's Delight {MP+9
                  | Dex+4}
 87368 | Zig:14   | Identified the +2 robe of Xossab {Int+7}
 87446 | Zig:15   | Entered Level 15 of a ziggurat
 87488 | Zig:15   | Identified the +1 robe of the Villain {Harm rElec rN+++
                  | Int-2}
 87491 | Zig:15   | Identified the +6 scale mail of Follow the Leader {rC++
                  | rCorr Str-4 Int+3}
 87561 | Zig:16   | Entered Level 16 of a ziggurat
 87582 | Zig:16   | Reached skill level 27 in Shields
 87600 | Zig:16   | Identified the +7 war axe of Mudix {flame, rElec}
 87619 | Zig:16   | Identified the staff of Purpose {rN+ Will+ Str+4 Int+4
                  | Necro}
 87676 | Zig:17   | Entered Level 17 of a ziggurat
 87698 | Zig:17   | Noticed Qeustriss the pandemonium lord
 87703 | Zig:17   | Killed Qeustriss the pandemonium lord
 87778 | Zig:17   | Identified the +1 robe of the Forest {Regen+ Str+5 Dex-4
                  | SInv}
 87779 | Zig:17   | Identified the ring "Limiv" {rF+ SInv}
 87781 | Zig:17   | Identified the staff of Resh {rN+ Will+ Necro}
 87863 | Zig:18   | Entered Level 18 of a ziggurat
 87875 | Zig:18   | Noticed a dread lich
 87875 | Zig:18   | Noticed a dread lich
 87876 | Zig:18   | Killed a dread lich
 87878 | Zig:18   | Killed a dread lich
 87878 | Zig:18   | Noticed an ancient lich
 87879 | Zig:18   | Noticed an ancient lich
 87879 | Zig:18   | Noticed an ancient lich
 87880 | Zig:18   | Killed an ancient lich
 87880 | Zig:18   | Killed an ancient lich
 87881 | Zig:18   | Killed an ancient lich
 87881 | Zig:18   | Noticed a dread lich
 87882 | Zig:18   | Noticed a dread lich
 87883 | Zig:18   | Killed a dread lich
 87884 | Zig:18   | Killed a dread lich
 87913 | Zig:18   | Identified the ring "Roij" {rN+ Will+ Str+6}
 87918 | Zig:18   | Identified the staff of Kuihusoq {rElec Str+6 Air}
 87922 | Zig:18   | Identified the orb of Niagraiq {light, rElec Dex+3}
 87945 | Zig:18   | Identified the ring of Hicaih {Wiz ^Contam Dex+2 SInv}
 87947 | Zig:18   | Identified the +2 morningstar of Dacvidgh Lozu {freeze,
                  | rPois rC+ Will+}
 88003 | Zig:19   | Entered Level 19 of a ziggurat
 88020 | Zig:19   | Noticed Ydusysm the pandemonium lord
 88029 | Zig:19   | Killed Ydusysm the pandemonium lord
 88171 | Zig:19   | Found the +10 Black Knight's barding {ponderous, rPois rN+}
 88279 | Zig:20   | Entered Level 20 of a ziggurat
 88325 | Zig:20   | Found the +7 hand cannon "Mule" {flame, backblast, rF+}
 88339 | Zig:20   | Identified the orb of the Vaults {mayhem, rN+ Str+5}
 88341 | Zig:20   | Identified the ring of Fanaticism {rElec rC+ Will- Int+3}
 88502 | Zig:21   | Entered Level 21 of a ziggurat
 88516 | Zig:21   | Noticed an ancient lich
 88517 | Zig:21   | Noticed an ancient lich
 88517 | Zig:21   | Killed an ancient lich
 88520 | Zig:21   | Killed an ancient lich
 88521 | Zig:21   | Noticed an ancient lich
 88522 | Zig:21   | Noticed a dread lich
 88523 | Zig:21   | Killed an ancient lich
 88524 | Zig:21   | Killed a dread lich
 88524 | Zig:21   | Noticed a dread lich
 88526 | Zig:21   | Killed a dread lich
 88528 | Zig:21   | Noticed an ancient lich
 88529 | Zig:21   | Killed an ancient lich
 88530 | Zig:21   | Noticed an ancient lich
 88532 | Zig:21   | Killed an ancient lich
 88533 | Zig:21   | Noticed an ancient lich
 88535 | Zig:21   | Killed an ancient lich
 88551 | Zig:21   | Found the +2 pair of slick slippers {slick, slippery, EV+4}
 88566 | Zig:21   | Got the Discursus on Hot Frostbite
 88712 | Zig:22   | Entered Level 22 of a ziggurat
 88724 | Zig:22   | Noticed an orb of fire
 88727 | Zig:22   | Noticed an orb of fire
 88728 | Zig:22   | Noticed an orb of fire
 88729 | Zig:22   | Killed an orb of fire
 88730 | Zig:22   | Killed an orb of fire
 88732 | Zig:22   | Noticed an orb of fire
 88733 | Zig:22   | Killed an orb of fire
 88733 | Zig:22   | Noticed an orb of fire
 88735 | Zig:22   | Noticed an orb of fire
 88737 | Zig:22   | Killed an orb of fire
 88737 | Zig:22   | Gained mutation: You are dopey. (Int -2) [an orb of fire]
 88737 | Zig:22   | Noticed an orb of fire
 88738 | Zig:22   | Killed an orb of fire
 88739 | Zig:22   | Killed an orb of fire
 88741 | Zig:22   | Killed an orb of fire
 88973 | Zig:22   | Found the +11 plutonium sword {^Contam Stlth-}
 88977 | Zig:22   | Identified the ring of Luopee {rPois Int+2 SInv}
 88991 | Zig:22   | Identified the ring "Ryel Lewn" {rPois rF+ Str+6 Dex+3}
 89007 | Zig:22   | Identified the +2 pair of boots of Gallantry {SInv}
 89010 | Zig:22   | Identified the +4 falchion "Buecuuth" {freeze, SInv}
 89034 | Zig:23   | Entered Level 23 of a ziggurat
 89140 | Zig:23   | Found the +3 giant club "Skullcrusher" {speed, Str+7}
 89155 | Zig:23   | Acquired 446 gold pieces
 89266 | Zig:24   | Entered Level 24 of a ziggurat
 89286 | Zig:24   | Noticed Sozai the pandemonium lord
 89288 | Zig:24   | Noticed Mept the pandemonium lord
 89288 | Zig:24   | Noticed Fanareuk the pandemonium lord
 89291 | Zig:24   | Noticed Yczaaj the pandemonium lord
 89292 | Zig:24   | Killed Mept the pandemonium lord
 89292 | Zig:24   | Noticed Voudeed the pandemonium lord
 89293 | Zig:24   | Killed Sozai the pandemonium lord
 89293 | Zig:24   | Killed Fanareuk the pandemonium lord
 89293 | Zig:24   | Noticed Puigaph the pandemonium lord
 89294 | Zig:24   | Noticed Gojiar the pandemonium lord
 89295 | Zig:24   | Killed Yczaaj the pandemonium lord
 89295 | Zig:24   | Killed Voudeed the pandemonium lord
 89296 | Zig:24   | Killed Puigaph the pandemonium lord
 89296 | Zig:24   | Noticed Jorghut the pandemonium lord
 89296 | Zig:24   | Noticed Teceule the pandemonium lord
 89297 | Zig:24   | Noticed Plog the pandemonium lord
 89298 | Zig:24   | Reached skill level 27 in Stealth
 89298 | Zig:24   | Killed Teceule the pandemonium lord
 89299 | Zig:24   | Killed Plog the pandemonium lord
 89300 | Zig:24   | Killed Gojiar the pandemonium lord
 89302 | Zig:24   | Killed Jorghut the pandemonium lord
 89302 | Zig:24   | Killed Nokh the pandemonium lord
 89304 | Zig:24   | Noticed Gavetobe the pandemonium lord
 89304 | Zig:24   | Noticed Qitatapnan the pandemonium lord
 89304 | Zig:24   | Noticed Kepuvuro the pandemonium lord
 89305 | Zig:24   | Killed Gavetobe the pandemonium lord
 89305 | Zig:24   | Killed Qitatapnan the pandemonium lord
 89306 | Zig:24   | Killed Kepuvuro the pandemonium lord
 89307 | Zig:24   | Noticed Qysk the pandemonium lord
 89308 | Zig:24   | Killed Qysk the pandemonium lord
 89309 | Zig:24   | Killed Niegopyp the pandemonium lord
 89312 | Zig:24   | Noticed Ceurunof the pandemonium lord
 89312 | Zig:24   | Killed Ceurunof the pandemonium lord
 89313 | Zig:24   | Noticed Neagow the pandemonium lord
 89314 | Zig:24   | Killed Neagow the pandemonium lord
 89393 | Zig:24   | Found the +8 autumn katana {manifold assault}
 89397 | Zig:24   | Found the +12 glaive of Prune {freeze, Prune}
 89419 | Zig:24   | Acquired 992 gold pieces
 89443 | Zig:24   | Identified the ring of the Chimera {rElec rPois MP+9 Dex-5}
 89448 | Zig:24   | Identified the ring "Mayklot" {rF+ rN++ Int+6}
 89474 | Zig:25   | Entered Level 25 of a ziggurat
 89599 | Zig:25   | Found the +8 frozen axe "Frostbite" {freeze, freezing
                  | cloud, *Noise Fly rC+}
 89610 | Zig:25   | Identified the amulet of Tejeteth {rF+ Regen+ Int+2 Dex+3}
 89627 | Zig:25   | Identified the +0 glaive of Desperation {flame, rC+ Will++
                  | Int+2}
 89628 | Zig:25   | Identified the +0 leather armour of Suzi {+Blink rF- rC+
                  | Dex+6}
 89720 | Zig:26   | Entered Level 26 of a ziggurat
 89740 | Zig:26   | Reached skill level 27 in Dodging
 89746 | Zig:26   | Noticed a juggernaut
 89746 | Zig:26   | Killed a juggernaut
 89798 | Zig:26   | Identified the ring "Lycoxune" {rF+ Will+}
 89804 | Zig:26   | Identified the staff of the Eleven Wonders {rElec Will+
                  | rCorr Summ Air Earth}
 89818 | Zig:26   | Identified the staff "Piytes" {rPois rCorr Str+6 Earth}
 89825 | Zig:26   | Identified the ring of Wejig {*Corrode Fly Will+ EV+5
                  | Int+6}
 89990 | Zig:27   | Entered Level 27 of a ziggurat
 90010 | Zig:27   | Noticed an ancient lich
 90013 | Zig:27   | Killed an ancient lich
 90014 | Zig:27   | Noticed a dread lich
 90015 | Zig:27   | Killed a dread lich
 90016 | Zig:27   | Noticed an ancient lich
 90016 | Zig:27   | Noticed a dread lich
 90017 | Zig:27   | Killed an ancient lich
 90017 | Zig:27   | Noticed a dread lich
 90018 | Zig:27   | Killed a dread lich
 90019 | Zig:27   | Killed a dread lich
 90019 | Zig:27   | Noticed an ancient lich
 90021 | Zig:27   | Noticed a dread lich
 90021 | Zig:27   | Noticed an ancient lich
 90021 | Zig:27   | Noticed a dread lich
 90022 | Zig:27   | Killed an ancient lich
 90022 | Zig:27   | Killed a dread lich
 90022 | Zig:27   | Killed a dread lich
 90022 | Zig:27   | Noticed a dread lich
 90023 | Zig:27   | Killed an ancient lich
 90023 | Zig:27   | Noticed a dread lich
 90023 | Zig:27   | Noticed an ancient lich
 90024 | Zig:27   | Killed a dread lich
 90025 | Zig:27   | Killed an ancient lich
 90025 | Zig:27   | Killed a dread lich
 90025 | Zig:27   | Noticed an ancient lich
 90026 | Zig:27   | Reached skill level 27 in Evocations
 90026 | Zig:27   | Killed an ancient lich
 90026 | Zig:27   | Noticed an ancient lich
 90027 | Zig:27   | Killed an ancient lich
 90027 | Zig:27   | Noticed a dread lich
 90029 | Zig:27   | Killed a dread lich
 90232 | Zig:27   | Found the +6 arbalest "Damnation" {damnation}
 90236 | Zig:27   | Identified the +8 falchion of Uxkoary {flame, rC- Dex+10
                  | Stlth+}
 90249 | Zig:27   | Identified the +5 orcbow of Calamity {speed, +Blink rPois
                  | Str+6 Int-3}
 90252 | Zig:27   | Identified the ring "Isuiq" {rN+ Dex+2}
 90259 | Zig:27   | Identified the +3 ring mail "Joasyi" {rPois rC- rCorr
                  | Stlth+}
 90262 | Zig:27   | Identified the ring "Cymin" {rC+ rN+ EV+5 Str+2 Dex+2}
 90359 | Zot:1    | Entered Level 1 of the Realm of Zot
 90411 | Zot:2    | You are sucked into a shaft and drop 2 floors!
 90424 | Zot:5    | Entered Level 5 of the Realm of Zot
 90446 | Zot:5    | Noticed an orb of fire
 90451 | Zot:5    | Killed an orb of fire
 90454 | Zot:5    | Noticed an orb of fire
 90457 | Zot:5    | Killed an orb of fire
 90462 | Zot:5    | Noticed an orb of fire
 90464 | Zot:5    | Killed an orb of fire
 90507 | Zot:5    | Noticed an orb of fire
 90510 | Zot:5    | Killed an orb of fire
 90511 | Zot:5    | Noticed an orb of fire
 90513 | Zot:5    | Killed an orb of fire
 90612 | Zot:5    | Got a prismatic gem with 761 turns to spare
 90673 | Zot:5    | Got the Orb of Zot
 91062 | D:8      | Noticed Qonen the pandemonium lord
 91064 | D:8      | Killed Qonen the pandemonium lord
 91279 | D:$      | Escaped with the Orb!

Illustrated notes

Levels and vault maps discovered:
D:1:      dpeg_arrival_snail, layout_loops_ring
D:2:      layout_loops_ring, minmay_shallow_snake_nest, uniq_terence
D:3:      layout_basic, nicolae_ecumenical_pavilion, kennysheep_generic_room_15
D:4:      layout_basic, gammafunk_temple_overflow_pools,
          minmay_temple_entry_slanted, ebering_ghost_sewer_d, st_stairs_8,
          nicolae_shop_gadgets
D:5:      layout_cave_pools, minivault_1, uniq_duvessa, uniq_grinder
D:6:      layout_basic, gup_sewer_entry_pipe, serial_shops,
          nicolae_shop_gibbet_a_chance, enter_ossuary_4
D:7:      layout_basic, mainiacjoe_overflow_small_starburst, minmay_door_square
D:8:      layout_loops_cross, dpeg_lair_monsters, disabler_island, uniq_jeremiah
D:9:      layout_small_grid, david_orc_3, amcnicky_mini_pool_medium
D:10:     layout_loops_ring, minitemple, serial_glass, glass_columns_a,
          glass_columns_b, glass_columns_a, glass_columns_c, glass_columns_a,
          glass_columns_b, glass_columns_c, glass_columns_a
D:11:     regret_index_infernal_bastille, layout_basic, doesnt_shop_hydraphobe
D:12:     layout_rooms, enter_trove_5
D:13:     hourglass_vault, layout_basic
D:14:     layout_loops_cross, david_vaults_4, serial_undead, serial_undead_d,
          serial_undead_c, serial_undead_d, serial_undead_f, serial_undead_a,
          uniq_josephine
D:15:     gammafunk_enter_depths_forms, layout_cave_pools, nicolae_eternal_life
Temple:   minmay_temple_bridge_d
Lair:1:   layout_long_grid, serial_rivers, chequers_serial_rivers_room_a,
          chequers_serial_rivers_micro_d, chequers_serial_rivers_micro_a,
          chequers_serial_rivers_room_b, chequers_serial_rivers_micro_b,
          gammafunk_ghost_ooze, lemuel_fruit_tree, uniq_urug, uniq_grum
Lair:2:   minmay_lair_oklob_tunnel, layout_regular_city,
          mainiacjoe_swamp_entry_lozenge_pond,
          gammafunk_ghost_wrathful_warriors, gauntlet_entry_generic,
          infiniplex_staircase_pool_2
Lair:3:   layout_gridlike, minmay_snake_entry_six_corridors, pond, uniq_fannar
Lair:4:   beast_lair_carwin_large_4, layout_layer_cave, dpeg_slime_entry_corner,
          grunt_megastairs_1
Lair:5:   minmay_lair_end_enchanted_forest, layout_gridlike, basic_altar,
          kennysheep_abandoned_house
Swamp:1:  layout_falls_marsh, gammafunk_ghost_grave, nicolae_swamp_bean_lake,
          nicolae_swamp_super_fun_site
Swamp:2:  layout_basic_swamp, wheals_swamp_sinkhole, infiniplex_staircase_pool
Swamp:3:  layout_falls_marsh, nicolae_swamp_trees_clearing, swamp_pool_1_2
Swamp:4:  nzn_swamp_witches_coven, layout_basic_swamp
Snake:1:  layout_gridlike, serial_bayou, serial_bayou_lake_a,
          serial_bayou_ford_a, serial_bayou_lagoon_b, serial_bayou_crossing,
          beargit_elvish_explorers
Snake:2:  layout_misc_corridors
Snake:3:  layout_misc_corridors, nicolae_triple_integral, minmay_shop_grove
Snake:4:  johnstein_snake_rune_scales, layout_basic, grunt_megastairs_2,
          uniq_vashnia
Slime:1:  cheibrodos_slime_lost_civilization_1, layout_caves
Slime:2:  layout_caves, nicolae_slime_barrier
Slime:3:  layout_caves
Slime:4:  layout_caves, nicolae_slime_ancient_tower_intersection,
          cheibrodos_slime_lost_civilization_6
Slime:5:  slime_pit_nicolae_royal_road_to_ruin
Orc:1:    layout_diamond_mine, ebering_ghost_rock_garden, serial_shops, shop
Orc:2:    st_orc_ogre_mass, layout_caves, nicolae_orc_bridge_out,
          nicolae_orc_seminary, uniq_saint_roka
Elf:1:    minmay_elf_arrival_circle, layout_loops_ring,
          ebering_ghost_inner_flame, hangedman_elf_represent,
          nicolae_elf_hall_of_bonks, uniq_nikola, uniq_frances
Elf:2:    nicolae_elf_blades_splatter_lattice
          [nicolae_blade_entry_floor_patterns], layout_onion_city, serial_shops,
          nicolae_shop_back_alley_shop
Elf:3:    minmay_elf_hall_quartered_circle, layout_geoelf_grid,
          grunt_megastairs_5, uniq_boris
Vaults:1: nicolae_vaults_closet_pinwheel_3, nicolae_vaults_door_testing_chamber,
          nicolae_vaults_hexular_roomagon, vaults_mumra_minichess_inversion,
          v_pattern_3, nicolae_vaults_network_square,
          nicolae_vaults_closet_pinwheel_6, layout_vaults_omnigrid,
          serial_shops, shop
Vaults:2: nicolae_vaults_tangent_ellipses, nicolae_vaults_prndl,
          nicolae_vaults_sightless_eye, minmay_crypt_entry_simple_statues,
          vaults_room_stairs_pillars, nicolae_vaults_taking_the_gang_shopping,
          nicolae_vaults_yaktaur_gun_rack, vaults_standard_mumra_x,
          hangedman_vaults_pinch, layout_vaults_omnibox
Vaults:3: v_pattern_4, nicolae_vaults_prndl, hangedman_vaults_locks,
          dpeg_vaults_monster_row, dpeg_vaults_monster_box,
          nicolae_vaults_frosty_reception, v_misc_15,
          nicolae_vaults_closet_pinwheel_4, v_misc_23, vaults_room_door_ring,
          nicolae_vaults_diamond_2, ontoclasm_vaults_gateway,
          nicolae_vaults_library_corner, layout_vaults_omnicross, uniq_frederick
Vaults:4: nicolae_vaults_trapezoid_2, v_pattern_1, v_misc_12,
          hangedman_vaults_corner, vaults_room_fours,
          nicolae_vaults_storage_room_water, nicolae_vaults_closet_pinwheel_2,
          vaults_dpeg_spiral, hangedman_vaults_variations,
          hangedman_vaults_impose, nicolae_vaults_trapezoid_layered,
          layout_vaults_maze, serial_shops, bzr_in_the_mist, uniq_zenata
Vaults:5
Crypt:1:  layout_misc_corridors, glass_columns_b, serial_sigils_hangedman_scar,
          not_door_vault_due, grunt_crypt_arrival_split, uniq_josephina
Crypt:2:  layout_gridlike, basic_altar, uniq_mennas, uniq_donald, uniq_vv
Crypt:3:  church_of_pain_bobbens, layout_chaotic_city,
          nicolae_tomb_entry_rubble_hallway, uniq_grunn
Tomb:1
Tomb:2
Tomb:3
Depths:1: layout_honeycomb, hell_entry, abyss_entry, serial_glass,
          glass_columns_a, glass_columns_a, roderic_lattice_a, feat_on_display
Depths:2: nzn_winding_woodlands_large [nzn_winding_woodlands_5x5_perimeter,
          nzn_winding_woodlands_5x15_pathside_ponds,
          nzn_winding_woodlands_5x5_open_star,
          nzn_winding_woodlands_center_garden,
          nzn_winding_woodlands_15x15_five_gardens,
          nzn_winding_woodlands_center_lodge, nzn_winding_woodlands_hourglass,
          nzn_winding_woodlands_5x15_split_checker,
          nzn_winding_woodlands_5x5_cross], layout_basic, enter_ziggurat_b,
          rand_demon_pan_entry_5, kennysheep_donut, grunt_hell_entry_dis_grunt,
          dpeg_stationary_puzzle, infiniplex_staircase_diamond
Depths:3: minmay_bloctagon_deflated, layout_gridlike, abyss_entry,
          hangedman_abyss_or_decor_passed, hell_entry,
          infiniplex_staircase_door_maze, roderic_lattice_octagonal_star
Depths:4: grunt_crosshair, layout_basic, serial_shops, nicolae_shop_mannequins,
          hell_entry, guppyfry_shop_venom
Hell
Dis:1:    nicolae_dis_hell_towers
Dis:2:    layout_gridville, nicolae_dis_strange_trophy_room
Dis:3:    layout_regular_city
Dis:4:    layout_subdivisions, serial_glass, glass_columns_c, glass_columns_a
Dis:5:    layout_gridville
Dis:6:    layout_regular_city, hangedman_dis_chains
Dis:7:    dis_grunt_layers
Geh:1:    layout_gehenna_pools_box
Geh:2:    nicolae_hells_giants_party, layout_gehenna_pools_box
Geh:3:    layout_gehenna_lava_caves
Geh:4:    layout_gehenna_pools_triple
Geh:5:    layout_gehenna_lava_caves, nicolae_hells_seeping_fissure
Geh:6:    layout_gehenna_lava_caves
Geh:7:    evilmike_geh
Coc:1:    layout_cocytus_water_paths
Coc:2:    layout_cocytus_water_paths
Coc:3:    layout_cocytus_water_paths
Coc:4:    layout_cocytus_delve
Coc:5:    layout_cocytus_delve
Coc:6:    layout_cocytus_water_paths
Coc:7:    coc_grunt
Tar:1:    layout_cathedral_of_symmetry, nicolae_tar_cuneiform_bird,
          nicolae_tar_honey_rotating
Tar:2:    layout_grid_maze
Tar:3:    layout_grid_maze
Tar:4:    layout_catacombs
Tar:5:    layout_catacombs
Tar:6:    layout_catacombs
Tar:7:    tar_grunt_cathedral
Zot:1:    layout_gridlike, skrybe_zot_glass_3
Zot:2:    circus_mu, layout_concentric_octagons, zot_minivault_3, uniq_parghit
Zot:3:    grunt_zot_stairs_faceoff, layout_cathedral_of_symmetry
Zot:4:    layout_misc_corridors, hangedman_zot_decor_tridents,
          hellmonk_greenhouse_of_terror
Zot:5:    layout_cathedral_of_symmetry, grunt_ministairs_10, st_stairs_2

Skill      XL: |  1  2  3  4  5  6  7  8  9 10 11 12 13 14 15 16 17 18 19 20 21 22 23 24 25 26 27 |
---------------+----------------------------------------------------------------------------------+-----
Stealth        | 2 3 4 8 10 27 | 27.0
Fighting       | 1 2 3 4 6 7 8 9 10 11 12 13 14 17 27 | 27.0
Spellcasting   | 3 4 5 6 7 8 10 12 13 14 15 16 17 18 19 20 21 27 | 27.0
Alchemy        | 4 5 6 8 10 12 13 | 13.0
Evocations     | 1 3 4 5 7 8 9 10 27 | 27.0
Fire Magic     | 1 5 7 8 10 12 14 16 17 18 19 20 21 22 23 24 | 24.6
Air Magic      | 2 4 5 17 | 17.7
Conjurations   | 3 5 8 10 12 13 14 16 17 19 20 22 27 | 27.0
Staves         | 2 4 |  4.0
Dodging        | 4 6 7 8 9 10 27 | 27.0
Shields        | 3 5 6 9 27 | 27.0
Necromancy     | 10 16 19 26 | 26.5
Armour         | 3 5 |  5.0
Earth Magic    | 22 | 22.7
Translocations | 8 |  8.0

Action                     |  1- 3 |  4- 6 |  7- 9 | 10-12 | 13-15 | 16-18 | 19-21 | 22-24 | 25-27 || total
---------------------------+-------+-------+-------+-------+-------+-------+-------+-------+-------++-------
  Melee: Short sword       |    27 |    22 |    28 |       |       |       |       |       |       ||    77
         Headbutt          |     4 |     3 |    20 |    12 |    41 |     9 |     7 |     6 |     6 ||   108
         Dagger            |       |       |    38 |       |       |       |       |       |       ||    38
         Staff             |       |       |     1 |    41 |   152 |    47 |    17 |    17 |    23 ||   298
  Throw: Dart              |       |       |       |     1 |       |       |       |       |       ||     1
   Cast: Sting             |    64 |    83 |    55 |       |       |       |       |       |       ||   202
         Mercury Vapours   |     7 |     9 |    10 |       |       |       |       |       |       ||    26
         Olgreb's Toxic Ra |       |       |    57 |    67 |    75 |    14 |       |       |       ||   213
         Ignite Poison     |       |       |    19 |    60 |    76 |    38 |     4 |       |       ||   197
         Sticky Flame      |       |       |     2 |    13 |       |       |       |       |       ||    15
         Mephitic Cloud    |       |       |     1 |     5 |       |       |       |       |       ||     6
         Apportation       |       |       |       |     3 |       |       |       |       |     1 ||     4
         Eringya's Noxious |       |       |       |    32 |    89 |    73 |    11 |       |       ||   205
         Swiftness         |       |       |       |     1 |     1 |     1 |       |     1 |     1 ||     5
         Irradiate         |       |       |       |       |   103 |    61 |    90 |    42 |    60 ||   356
         Fireball          |       |       |       |       |    48 |   175 |   226 |       |       ||   449
         Ignition          |       |       |       |       |       |    37 |    38 |    48 |   107 ||   230
         Starburst         |       |       |       |       |       |       |     4 |     3 |    14 ||    21
         Fire Storm        |       |       |       |       |       |       |    89 |   288 |  1312 ||  1689
         Shatter           |       |       |       |       |       |       |       |       |   722 ||   722
         Chain Lightning   |       |       |       |       |       |       |       |       |   124 ||   124
         Death's Door      |       |       |       |       |       |       |       |       |    10 ||    10
         Blink             |       |       |       |       |       |       |       |       |     6 ||     6
         Maxwell's Capacit |       |       |       |       |       |       |       |       |     2 ||     2
  Evoke: Wand              |       |     8 |     3 |     4 |     2 |    28 |     1 |       |     3 ||    49
         Tin of tremorston |       |       |       |       |     1 |     3 |     2 |       |       ||     6
         Phantom mirror    |       |       |       |       |       |       |     1 |       |       ||     1
         Sack of spiders   |       |       |       |       |       |       |       |       |     1 ||     1
         Figurine of a zig |       |       |       |       |       |       |       |       |     1 ||     1
    Use: Scroll            |       |     1 |     8 |    16 |     7 |     7 |     8 |     3 |    25 ||    75
         Potion            |       |       |     1 |     5 |       |     9 |     1 |     1 |    47 ||    64
   Stab: Sleeping          |     1 |       |     1 |       |     2 |       |       |       |       ||     4
         Distracted        |       |       |     1 |       |       |       |       |       |       ||     1
 Armour: Robe              |    17 |    47 |    76 |    44 |   264 |   161 |   113 |    75 |   146 ||   943
         Steam dragon scal |       |       |       |    50 |       |       |       |       |       ||    50
         Troll leather arm |       |       |       |       |       |       |       |       |   222 ||   222
         Skin              |       |       |       |       |       |       |       |       |     6 ||     6
  Dodge: Dodged            |    32 |    55 |    86 |    54 |   227 |    77 |    87 |    44 |   268 ||   930
  Block: Other             |       |       |     4 |    19 |    12 |       |       |       |       ||    35
         Reflection        |       |       |     1 |     1 |     7 |    23 |    19 |    17 |   158 ||   226
         Buckler           |       |       |       |       |    65 |   105 |    90 |    67 |   382 ||   709
